 Dungeon Crawl Stone Soup version 0.31-a0-1001-g770356a28f (webtiles) character file.

Game seed: 16210268199561901563

1807508 MackTheKnife the Slayer (level 27, 250/250 HPs)
             Began as a Djinni Venom Mage on Nov 7, 2023.
             Was the Champion of Ashenzari.
             Escaped with the Orb
             ... and 3 runes on Nov 8, 2023!
             The game lasted 03:24:45 (59295 turns).

MackTheKnife the Slayer (Djinni Venom Mage)        Turns: 59295, Time: 03:24:45

Health: 250/250    AC: 26    Str: 15    XL:     27
Gold:   4889       EV: 32    Int: 31    God:    Ashenzari [******] SH:  7 Dex: 21

rFire   + + +        l - +10 zealot's sword {holy, Zealotry, *Rage rN+ EV+3, Elem, Bglg} (curse)
rCold   + . .        b - +0 buckler of Apeoromancy {Cun, Comp} (curse)
rNeg    + + .        N - quicksilver dragon scales "Elysian Seer" {Will+, rare, Elem, Fort} (curse)
rPois   ∞            L - +2 hat of Ashenzari's Vision {Int+3, Bglg, Dev} (curse)
rElec   +            F - +2 cloak of the Sidereal Vision {Fly Dex+3 SInv, Fort, Self} (curse)
rCorr   .            e - +2 pair of gloves "I Foresaw This" {Comp, Elem} (curse)
SInv    +            (boots unavailable)
Will    ++++.        z - amulet "Per Aspera Ad Scientiam" {Spirit rElec Regen+ Int+4 Dex-4, Self, Comp} (curse)
Stlth   ++           v - ring "Oracle of Ashenzari" {rC+ Will+, Cun, Dev} (curse)
HPRegen 1.41/turn    Y - ring "Manifest Fallacy" {rF+ rC+ rN+ Str+3 Dex+4, Self, Cun} (curse)
MPRegen 0.00/turn

%: clarity, guardian spirit
@: flying, studying Spellcasting
A: sickness immunity, fire resistance 2, cold vulnerability 1, float, innate
caster, HP casting, extra vitality 1, iridescent scales 1, clever 1,
deterioration 1, robust 1, noise suppression
0: Orb of Zot
}: 3/15 runes: barnacled, silver, gossamer
a: Renounce Religion, Shatter the Chains


You escaped.
You worshipped Ashenzari.
Ashenzari was exalted by your worship.
You visited 11 branches of the dungeon, and saw 51 of its levels.
You visited 1 bazaar.
You also visited: Trove, Sewer, Ossuary, Ice Cave and Volcano.

You collected 10121 gold pieces.
You spent 5232 gold pieces at shops.


Innate Abilities, Weirdness & Mutations

You are immune to sickness and miasma.
You are immune to poison.
Your flesh is very heat resistant. (rF++)
You are vulnerable to cold. (rC-)
You float through the air rather than walking.
You learn spells naturally, not from books.
Your magical power is your life essence.
You have superior vitality. (+4 MHP)
You are partially covered in iridescent scales. (AC +2)
Your mind is acute. (Int +4, Str/Dex -1)
Your body sometimes deteriorates upon taking damage.
You are robust. (+10% HP)
You passively dampen the noise of your surroundings.


   Skills:
 + Level 26.0(27) Fighting
 - Level 8.0(9.7) Short Blades
 - Level 8.7(10.1) Long Blades
 - Level 11.9(15.4) Armour
 - Level 22.7(27) Dodging
 - Level 8.1(12.8) Stealth
 - Level 6.3(10.0) Shields
 - Level 24.0(27) Spellcasting
 - Level 22.7(25.9) Conjurations
 - Level 22.7(25.9) Hexes
 - Level 22.7(27) Summonings
 - Level 22.7(27) Necromancy
 - Level 22.7(25.9) Translocations
 - Level 22.7 Transmutations
 - Level 22.7(27) Fire Magic
 - Level 22.7(27) Ice Magic
 - Level 22.7(27) Air Magic
 - Level 22.7(27) Earth Magic
 - Level 22.7 Poison Magic
 - Level 9.3(13.0) Evocations


You knew the following spells:

 Your Spells              Type           Power      Damage    Failure   Level
a - Summon Ice Beast      Ice/Summ       100%       N/A       0%          4
b - Irradiate             Conj/Tmut      56%        3d30      0%          5
c - Mephitic Cloud        Conj/Pois/Air  100%       N/A       0%          3
d - Olgreb's Toxic Radia  Pois           100%       N/A       0%          4
e - Eringya's Noxious Bo  Tmut/Pois      55%        4d6       0%          6
f - Searing Ray           Conj           100%       2d8       0%          2
g - Malign Gateway        Summ/Tloc      58%        N/A       1%          7
h - Passage of Golubria   Tloc           100%       N/A       0%          4
i - Death Channel         Necr           59%        N/A       0%          6
j - Maxwell's Capacitive  Air            59%        ∞         1%          8
k - Infestation           Necr           59%        N/A       1%          8
l - Chain Lightning       Conj/Air       58%        3d78      2%          9
m - Shatter               Erth           59%        3d44*     1%          9
n - Teleport Other        Tloc           100%       N/A       0%          3
K - Poisonous Vapours     Pois/Air       100%       N/A       0%          2
O - Magic Dart            Conj           100%       1d8       0%          1
P - Sting                 Tmut/Pois      100%       1d8       0%          1
Your spell library was empty.

Inventory:

Hand Weapons
 l - the cursed +10 zealot's sword (weapon) {holy, Zealotry, *Rage rN+ EV+3, Elem, Bglg}
   (You bought it in a shop on level 2 of the Orcish Mines)

   Zealotry:  Whenever the wielder enters a berserk rage, their allies are
   berserked alongside them.
   EV+3:      It affects your evasion (+3).
   rN+:       It protects you from negative energy.
   *Rage:     It berserks you when you make melee attacks (+20% chance).
   It has a curse which improves the following skills: Elements: Fire Magic, Ice
   Magic, Air Magic and Earth Magic.
   Beguiling: Conjurations, Hexes and Translocations.
Armour
 b - the cursed +0 buckler of Apeoromancy (worn) {Cun, Comp}
   (You found it on level 3 of the Lair of Beasts)

   It has a curse which improves the following skills: Cunning: Dodging and
   Stealth.
   Companions: Summonings and Necromancy.
 e - the cursed +2 pair of gloves "I Foresaw This" (worn) {Comp, Elem}
   (You found it on level 2 of the Dungeon)

   It has a curse which improves the following skills: Companions: Summonings
   and Necromancy.
   Elements:  Fire Magic, Ice Magic, Air Magic and Earth Magic.
 y - +0 pearl dragon scales {rare=g}
   (You found it on level 4 of the Lair of Beasts)
 F - the cursed +2 cloak of the Sidereal Vision (worn) {Fly Dex+3 SInv, Fort, Self}
   (You acquired it on level 5 of the Lair of Beasts)

   Dex+3:     It affects your dexterity (+3).
   SInv:      It lets you see invisible.
   Fly:       It grants you flight.
   It has a curse which improves the following skills: Fortitude: Armour and
   Shields.
   Introspection: Fighting and Spellcasting.
 L - the cursed +2 hat of Ashenzari's Vision (worn) {Int+3, Bglg, Dev}
   (You took it off Gastronok on level 2 of the Lair of Beasts)

   It has a curse which improves the following skills: Beguiling: Conjurations,
   Hexes and Translocations.
   Devices:   Evocations and Shapeshifting.
 N - the cursed quicksilver dragon scales "Elysian Seer" (worn) {Will+, rare, Elem, Fort}
   (You took it off a deep elf blademaster on level 3 of the Elven Halls)

   Will+:     It increases your willpower.
   It has a curse which improves the following skills: Elements: Fire Magic, Ice
   Magic, Air Magic and Earth Magic.
   Fortitude: Armour and Shields.
Jewellery
 v - the cursed ring "Oracle of Ashenzari" (left hand) {rC+ Will+, Cun, Dev}
   (You acquired it on level 4 of the Lair of Beasts)

   [ring of willpower]

   rC+:       It protects you from cold.
   Will+:     It increases your willpower.
   It has a curse which improves the following skills: Cunning: Dodging and
   Stealth.
   Devices:   Evocations and Shapeshifting.
 z - the cursed amulet "Per Aspera Ad Scientiam" (around neck) {Spirit rElec Regen+ Int+4 Dex-4, Self, Comp}
   (You took it off a deep elf annihilator on level 3 of the Elven Halls)

   [amulet of guardian spirit]

   Spirit:    It causes incoming damage to be divided between your reserves of
   health and magic.
   Int+4:     It affects your intelligence (+4).
   Dex-4:     It affects your dexterity (-4).
   rElec:     It insulates you from electricity.
   Regen+:    It increases your rate of health regeneration.
   It has a curse which improves the following skills: Introspection: Fighting
   and Spellcasting.
   Companions: Summonings and Necromancy.
 Y - the cursed ring "Manifest Fallacy" (right hand) {rF+ rC+ rN+ Str+3 Dex+4, Self, Cun}
   (You found it on level 3 of the Crypt)

   [ring of positive energy]

   Str+3:     It affects your strength (+3).
   Dex+4:     It affects your dexterity (+4).
   rF+:       It protects you from fire.
   rC+:       It protects you from cold.
   rN+:       It protects you from negative energy.
   It has a curse which improves the following skills: Introspection: Fighting
   and Spellcasting.
   Cunning:   Dodging and Stealth.
Wands
 h - a wand of polymorph (37)
   (You took it off Harold on level 11 of the Dungeon)
 u - a wand of light (21)
   (You found it on level 4 of the Dungeon)
 C - a wand of flame (97)
   (You took it off Maurice on level 8 of the Dungeon)
 D - a wand of paralysis (46)
   (You found it on level 6 of the Dungeon)
 I - a wand of roots (66)
   (You found it on level 10 of the Dungeon)
 K - a wand of mindburst (6)
   (You found it on level 1 of the Lair of Beasts)
 V - a wand of digging (5)
   (You found it on level 2 of the Vaults)
Scrolls
 a - a scroll of enchant armour
 f - 19 scrolls of teleportation {@r4}
 j - 3 scrolls of silence {!r}
 n - a scroll of butterflies
 r - 9 scrolls of poison
 s - 4 scrolls of fear
 w - 4 scrolls of immolation {!r!r}
 x - 5 scrolls of blinking {!r}
 A - 8 scrolls of fog
 H - 7 scrolls of vulnerability {!r!r}
Potions
 d - 6 potions of ambrosia
 g - 7 potions of enlightenment
 i - 23 potions of heal wounds {@q2}
 o - 2 potions of mutation {!q}
 p - 6 potions of haste {@q3}
 q - 23 potions of curing {@q1}
 t - 9 potions of cancellation
 B - 5 potions of might
 E - 5 potions of invisibility
 M - 8 potions of resistance
 O - 4 potions of brilliance
Miscellaneous
 m - a box of beasts (inert)
   (You found it on level 4 of the Vaults)
 P - a phial of floods
   (You found it in an ice cave)
 R - a tin of tremorstones (2/2) {throwing}
   (You found it on level 4 of the Shoals)
 S - a phantom mirror
   (You found it on level 4 of the Shoals)
 T - a lightning rod (4/4)
   (You found it on level 1 of the Vaults)

Dungeon Overview and Level Annotations

Branches:
Dungeon (15/15)            Temple (1/1) D:6            Lair (5/5) D:8
 Shoals (4/4) Lair:3       Spider (4/4) Lair:3        Slime (0/5) Lair:5
    Orc (2/2) D:11            Elf (3/3) Orc:2        Vaults (5/5) D:13
  Crypt (3/3) Vaults:3       Tomb (0/3) Crypt:3      Depths (4/4) D:15
    Zot (5/5) Depths:4      Sewer (visited)         Ossuary (visited)
  IceCv (visited)         Volcano (visited)

Altars:
Ashenzari
Cheibriados
Dithmenos
Elyvilon
Fedhas
Gozag
Hepliaklqana
Makhleb
Nemelex Xobeh
Okawaru
Qazlal
Ru
Trog
Uskayaw
Wu Jian
Xom
Yredelemnul
Zin
The Shining One

Shops:
D:5 *   Orc:2 [!((   Elf:3 :   Shoals:1 *   Vaults:1 (!   Vaults:4 *
Vaults:5 (   Depths:2 *[   Depths:3 !   Depths:4 :(*

Portals:
Hell: Depths:1 Depths:2 Depths:3 Depths:4
Abyss: Depths:3
Pandemonium: Depths:1 Depths:2
Ziggurat: Depths:1

Annotations:
D:5 Sigmund
D:7 VAULT
D:8 2 transporters
Lair:4 3 runed translucent doors, Nelug's ghost, journeyman OpSh; Urontig's ghost, journeyman AtMo
Lair:5 2 exclusions
Spider:1 Nikola
Elf:2 3 runed translucent doors
Zot:3 1 runed translucent door, exclusion: upstairs, Uvuguett's ghost, veteran SpHu

#........########.#..#....
####..........>...#.)##≈..
###.#.....#.....#...≈≈≈.
##...##...##...#....##...
#....###.###....#........
#.###.#####.###.#.......^
#..###.###.###..#........
##...###...###..........##
#.....##.@.##....#...≈≈≈≈#
#....###...###...#......≈.
#...###.###.###..#.##≈≈≈≈.
#..###.#####.###.#.######.
#.....###.###......# #.
#.....##...##.....## #.
##....#.....#.##### ####.
##.#........(# #....
#.##.######## #....


There were no monsters in sight!


Message History

Confirm with . or Enter, or press ? or * to list all spells.
Lightning arcs from your hands!
The bolt of lightning hits the blizzard demon!!
The blizzard demon resists. 😕 HP[-8]
You take 8 damage, and now have 239/250 hp. 😕 HP[+1]
You block the blizzard demon's attack.
The blizzard demon hits you but does no damage. 😕 HP[+1]
You slash the blizzard demon!
The blizzard demon convulses. 😕 HP[+1]
You slash the blizzard demon!
The blizzard demon convulses!
The blizzard demon gestures at you. The bolt of lightning misses you.
You carve the blizzard demon like a ham!!!
You kill the blizzard demon! 😕 HP[+1] No target in view!
There is an open door here. 😕 HP[+1] 😕 HP[+1] 😕 HP[+1] 😕 HP[+1] 😕 HP[+1]
Your extra speed is starting to run out. 😕 HP[+1] 😎 HP[+1]
Your hp is fully restored (250).
There is a stone staircase leading up here.
You fly upwards.
There is a stone staircase leading down here.
What level of the Dungeon? (default 1, ? - help)
You feel yourself slow down.
There is an open door here.
There is an open door here.
There is an open door here.
There is a stone staircase leading up here.
You fly upwards.
You sense a monster nearby.
There is a stone staircase leading down here.
Unknown command.
Unknown command.
Unknown command.
There is a stone staircase leading up here.
You fly upwards.
There is a stone staircase leading down here.
What level of the Dungeon? (default 1, ? - help)
There is a stone staircase leading down here.
You see here a +0 helmet.
There is a stone staircase leading up here.
You fly upwards.
Level annotation: 2 transporters
There is a stone staircase leading down here.
A hellion comes into view.
There is a stone staircase leading up here.
The hellion gestures at you.
The sphere of damnation explodes!
The damnation engulfs you!!
You fly upwards.
Level annotation: VAULT
There is a stone staircase leading down here. 😕 HP[-26]
You take 26 damage, and now have 224/250 hp.
What level of the Dungeon? (default 1, ? - help)
You sense a monster nearby.
Things that are here:
a +0 ring mail; a +0 mace {mace}; 😕 HP[+1] 😕 HP[+1]
There is a stone staircase leading up here. 😕 HP[+2]
You regained 2 hp, and now have 228/250 hp.
You fly upwards.
There is a stone staircase leading down here. 😕 HP[+3]
You regained 3 hp, and now have 231/250 hp.
What level of the Dungeon? (default 1, ? - help)
You reach down and open the door.
There is an open door here.
There is a stone staircase leading up here.
You fly upwards.
Level annotation: Sigmund
There is a stone staircase leading down here.
Things that are here:
a +0 ring mail of poison resistance; a +0 trident {polearm}
There is a stone staircase leading up here.
You fly upwards.
There is a stone staircase leading down here.
There is a stone staircase leading up here.
You fly upwards.
There is a stone staircase leading down here.
There is a stone staircase leading up here.
You fly upwards.
There is a stone staircase leading down here.
There is a stone staircase leading up here.
You fly upwards.
There is a stone staircase leading down here. 😎 HP[+19]
Your hp is fully restored (250).
There is a staircase leading out of the dungeon here.
You have escaped!

Skill      XL: |  1  2  3  4  5  6  7  8  9 10 11 12 13 14 15 16 17 18 19 20 21 22 23 24 25 26 27 |
---------------+----------------------------------------------------------------------------------+-----
Spellcasting   | 4 5 7 8 9 10 13 14 16 17 18 19 20 24 | 24.0
Conjurations   | 4 5 7 8 9 10 13 14 16 17 18 19 20 22 | 22.7
Hexes          | 4 5 7 8 9 10 13 14 16 17 18 19 20 22 | 22.7
Summonings     | 4 5 7 8 9 10 13 14 16 17 18 19 20 22 | 22.7
Necromancy     | 4 5 7 8 9 10 13 14 16 17 18 19 20 22 | 22.7
Translocations | 4 5 7 8 9 10 13 14 16 17 18 19 20 22 | 22.7
Transmutations | 4 5 7 8 9 10 13 14 16 17 18 19 20 22 | 22.7
Fire Magic     | 4 5 7 8 9 10 13 14 16 17 18 19 20 22 | 22.7
Ice Magic      | 4 5 7 8 9 10 13 14 16 17 18 19 20 22 | 22.7
Air Magic      | 4 5 7 8 9 10 13 14 16 17 18 19 20 22 | 22.7
Earth Magic    | 4 5 7 8 9 10 13 14 16 17 18 19 20 22 | 22.7
Poison Magic   | 4 5 7 8 9 10 13 14 16 17 18 19 20 22 | 22.7
Fighting       | 2 3 4 6 8 9 11 13 14 16 17 19 20 22 26 | 26.0
Dodging        | 3 4 6 9 11 14 17 20 21 22 | 22.7
Stealth        | 4 7 8 |  8.1
Evocations     | 4 6 7 9 |  9.3
Short Blades   | 1 6 8 |  8.0
Armour         | 2 8 11 | 11.9
Shields        | 4 6 |  6.3
Long Blades    | 4 8 |  8.7

Action                     |  1- 3 |  4- 6 |  7- 9 | 10-12 | 13-15 | 16-18 | 19-21 | 22-24 | 25-27 || total
---------------------------+-------+-------+-------+-------+-------+-------+-------+-------+-------++-------
  Melee: Dagger            |     5 |    12 |       |    76 |   505 |   432 |   569 |   159 |       ||  1758
         Punch             |     1 |       |       |     1 |     1 |       |       |       |       ||     3
         Hand axe          |       |    13 |    13 |       |       |       |       |       |       ||    26
         Eudemon blade     |       |       |       |       |       |       |       |   624 |   346 ||   970
  Throw: Throwing net      |       |     1 |       |       |       |       |       |       |       ||     1
   Cast: Sting             |    51 |     5 |     2 |       |       |       |       |       |       ||    58
         Poisonous Vapours |    25 |    29 |    29 |       |       |       |       |       |       ||    83
         Magic Dart        |    16 |    14 |   105 |    12 |     2 |       |       |       |       ||   149
         Searing Ray       |       |    20 |    24 |    27 |     3 |     3 |       |       |       ||    77
         Olgreb's Toxic Ra |       |       |    26 |    75 |    75 |    76 |    33 |    13 |       ||   298
         Mephitic Cloud    |       |       |    11 |    27 |    74 |    27 |    47 |    11 |       ||   197
         Passage of Golubr |       |       |       |     4 |     2 |     7 |     2 |     2 |     5 ||    22
         Summon Ice Beast  |       |       |       |    26 |    31 |    12 |     1 |       |       ||    70
         Irradiate         |       |       |       |       |    22 |    42 |    61 |    44 |     5 ||   174
         Eringya's Noxious |       |       |       |       |    29 |    54 |    61 |    24 |     6 ||   174
         Teleport Other    |       |       |       |       |     4 |       |       |       |       ||     4
         Malign Gateway    |       |       |       |       |       |    28 |    17 |    18 |    13 ||    76
         Death Channel     |       |       |       |       |       |       |    28 |    16 |    15 ||    59
         Infestation       |       |       |       |       |       |       |       |    25 |    24 ||    49
         Maxwell's Capacit |       |       |       |       |       |       |       |    51 |    81 ||   132
         Chain Lightning   |       |       |       |       |       |       |       |       |    99 ||    99
         Shatter           |       |       |       |       |       |       |       |       |    88 ||    88
 Invoke: Curse Item        |       |       |     1 |     5 |     4 |     2 |       |     4 |     1 ||    17
         Shatter the Chain |       |       |       |       |     3 |       |       |     5 |       ||     8
  Evoke: Wand              |       |       |     6 |     9 |     7 |    15 |     8 |     7 |     8 ||    60
         Lightning rod     |       |       |       |       |       |       |       |    12 |     3 ||    15
         Tin of tremorston |       |       |       |       |       |       |       |     4 |       ||     4
         Box of beasts     |       |       |       |       |       |       |       |     2 |     1 ||     3
         Phantom mirror    |       |       |       |       |       |       |       |       |     1 ||     1
    Use: Scroll            |     6 |     1 |     9 |     7 |     3 |     1 |       |     5 |    21 ||    53
         Potion            |       |       |       |     1 |       |       |     3 |     1 |    16 ||    21
   Stab: Sleeping          |       |       |     1 |     1 |    39 |    11 |    29 |    17 |     4 ||   102
         Confused          |       |       |     1 |     7 |    59 |    15 |    34 |    10 |       ||   126
         Paralysed         |       |       |       |     1 |       |     2 |     1 |       |       ||     4
         Distracted        |       |       |       |       |     5 |     3 |    11 |     7 |     7 ||    33
         Invisible         |       |       |       |       |       |       |       |     2 |     3 ||     5
 Armour: Robe              |    11 |    16 |    19 |       |       |       |       |       |       ||    46
         Leather armour    |       |       |    19 |    68 |    99 |   129 |   185 |    29 |       ||   529
         Ring mail         |       |       |       |       |       |       |       |   125 |       ||   125
         Quicksilver drago |       |       |       |       |       |       |       |   167 |   350 ||   517
  Dodge: Dodged            |    20 |    32 |    31 |   157 |   336 |   532 |   819 |   779 |   547 ||  3253
  Block: Other             |       |     3 |     9 |       |       |       |       |       |       ||    12
         Buckler           |       |       |       |       |   112 |   181 |   247 |   238 |   141 ||   919

Levels and vault maps discovered:
D:1:      roderic_crossed_star, layout_basic, serial_rivers,
          chequers_serial_rivers_marsh, chequers_serial_rivers_marsh,
          chequers_serial_rivers_micro_d, chequers_serial_rivers_small_b
D:2:      layout_basic
D:3:      minmay_evil_eye, layout_loops_ring,
          chequers_ecumenical_altar_simple_redux, minmay_door_square,
          chequers_serial_rivers_marsh
D:4:      layout_basic, nicolae_ossuary_entry_giza, minivault_1, uniq_menkaure
D:5:      layout_loops_ring, nicolae_shop_fire_sale [nicolae_sub_dead_trees],
          uniq_sigmund
D:6:      layout_gridville, minmay_temple_entry_mist, portal_sewer_entry_f,
          uniq_maggie, uniq_pikel
D:7:      layout_basic, wad_mini_maze
D:8:      minmay_general_purpose_star, layout_basic, david_lair_generic,
          nicolae_transporter_intersection, uniq_jeremiah, uniq_maurice,
          uniq_joseph, uniq_grum
D:9:      layout_loops_ring, uniq_erolcha
D:10:     layout_small_grid, mainiacjoe_overflow_two_lobes
D:11:     layout_roguey, hiddenorc1_lemuel, chequers_garden, uniq_fannar,
          uniq_erica, uniq_harold
D:12:     layout_roguey
D:13:     layout_rooms, david_vaults_1, portal_ice_cave_entry_imps, uniq_nessos,
          uniq_azrael, uniq_urug
D:14:     layout_loops_ring, minmay_misc_feat_five
D:15:     grunt_enter_depths_hoard, layout_irregular_city,
          hangedman_abyss_or_decor_stabs
Temple:   mainiacjoe_temple_big_plus
Lair:1:   layout_regular_city, nicolae_volcano_entry_lava_flow,
          infiniplex_staircase_pool, serial_bayou_shore_a, grunt_megastairs_1
Lair:2:   layout_big_grid, grunt_megastairs_3, lemuel_fruit_tree,
          infiniplex_staircase_pool_2, uniq_amaemon, uniq_gastronok
Lair:3:   layout_roguey, elwin_shoals_entry_stream,
          spider_nest_entry_funnel_web, nicolae_lair_grove_arrangements
Lair:4:   layout_concentric_octagons, gammafunk_ghost_cemetery,
          grunt_megastairs_4, uniq_sonja
Lair:5:   hellmonk_lair_end_abyssal_woods, layout_cellular_growth,
          slime_entry_1, nicolae_lair_time_for_slime
Shoals:1: layout_shoals, serial_shops, shop_fountains, yaktaur_hedge
Shoals:2: layout_shoals, nicolae_shoals_water_booths
Shoals:3: layout_shoals, serial_shops, freezing_bzr, uniq_polyphemus
Shoals:4: shoals_end_hangedman, layout_shoals
Spider:1: layout_spider_delve, guppyfry_spider_mini_2, uniq_nikola, uniq_donald,
          uniq_kirke
Spider:2: layout_cave_pods, uniq_mlioglotl
Spider:3: layout_chambers, uniq_arachne
Spider:4: floodkiller_spider_rune_tomb, uniq_louise
Orc:1:    layout_caves, basic_altar
Orc:2:    pubby_orc_utopia, serial_shops
Elf:1:    layout_geoelf_diagonals, serial_corexii_hall, chequers_hall_statues_y,
          corexii_hall_statues_t, chequers_hall_statues_corner_a,
          corexii_hall_statues_s, hangedman_elf_represent
Elf:2:    nicolae_elf_blades_crystal_corner, layout_geoelf_octagon,
          billiards_dpeg
Elf:3:    minmay_elf_hall_furrowed, layout_geoelf_castle, nicolae_custom_books
Vaults:1: nicolae_vaults_rhombus_7, vaults_mumra_lcd, nicolae_vaults_diamond_2,
          nicolae_vaults_closet_pinwheel_5, vaults_room_grunt_arrival_ludios,
          nicolae_vaults_shipping_containers_7, nicolae_vaults_stepped_doors,
          nicolae_vaults_trapezoid_lopsided_4,
          nicolae_vaults_taking_the_gang_shopping,
          ontoclasm_vaults_decontamination, nicolae_vaults_closet_pinwheel_4,
          vaults_dpeg_ring, vaults_room_corners, layout_vaults_omnigrid,
          serial_shops, nicolae_shop_industrial_runoff
Vaults:2: v_rooms_5, nicolae_vaults_shipping_containers_5, v_misc_17,
          ontoclasm_vaults_twist, vaults_dpeg_emergency_exit,
          nicolae_vaults_layer_cake_slice, vaults_mumra_hexcomb,
          nicolae_vaults_gold_heap, v_misc_10, v_alt_pattern_5,
          nicolae_vaults_trapezoid_layered, v_misc_29, nicolae_vaults_heist,
          layout_vaults_ring
Vaults:3: minmay_crypt_entry_simple_corners, nicolae_vaults_three_branches,
          hangedman_vaults_snaps, nicolae_vaults_diamond_1, v_misc_30,
          nicolae_vaults_crenellated_ambush, v_misc_29,
          ontoclasm_vaults_misaligned, nicolae_vaults_offset_grid_hallway_2,
          nicolae_vaults_house_1, hangedman_vaults_capsules, v_pattern_3,
          nicolae_vaults_trapezoid_2, nicolae_vaults_little_squares_5,
          nicolae_vaults_diamond_2, v_misc_13, layout_vaults_maze,
          trove_entry_hex_spiral
Vaults:4: nicolae_whirlpool, ontoclasm_vaults_gateway,
          nicolae_vaults_trapezoid_4, nicolae_vaults_shelves_hall, serial_ice_b,
          nicolae_vaults_cochlea, vaults_mumra_hex,
          nicolae_vaults_storage_closets_2, nicolae_vaults_double_plus_1,
          nicolae_vaults_sealed_display, v_misc_23, nicolae_vaults_house_1,
          nicolae_vaults_more_shelving_1, layout_vaults_omnicross, serial_shops,
          shop
Vaults:5
Crypt:1:  layout_misc_corridors, grunt_crypt_arrival_split
Crypt:2:  layout_chaotic_city, uniq_mennas
Crypt:3:  cryptofortress_bobbens
Depths:1: layout_gridlike, enter_ziggurat_e, minmay_misc_feat_roman,
          rand_demon_pan_entry_3, grunt_hell_entry_dis_mu,
          nicolae_vehumet_radiance
Depths:2: minmay_ambush_box, layout_cave_shapes, chequers_serial_rivers_large_a,
          rand_demon_pan_entry_7, hell_entry, grunt_megastairs_2,
          minmay_shoptagon, firewood_loft, minmay_staircase_windowed_large,
          serial_bayou_shore_b
Depths:3: nicolae_legendary_halls, layout_gridlike, hangedman_abyss_entry_splay,
          serial_shops, shop, hell_entry, hex_intersection, uniq_xtahua
Depths:4: grunt_zot_entry_pinwheel, layout_honeycomb, grunt_mini_vestibule,
          serial_bayou_shore_b, minmay_shop_star, uniq_margery
Zot:1:    layout_onion
Zot:2:    gammafunk_dig_for_victory, layout_onion_interference
Zot:3:    layout_cathedral_of_symmetry, ebering_ghost_reflecting_pool,
          st_stairs_5, st_large_dragon_hoard_2
Zot:4:    layout_gridlike, grunt_ministairs_13,
          regret_index_zotdec_twisting_globes
Zot:5:    layout_misc_corridors, grunt_ministairs_14, skrybe_zot_glass_1

Notes
Turn   | Place    | Note
-------+----------+-------------------------------------------
     0 | D:1      | Reached skill level 3 in Spellcasting
     0 | D:1      | Reached skill level 3 in Conjurations
     0 | D:1      | Reached skill level 3 in Hexes
     0 | D:1      | Reached skill level 3 in Summonings
     0 | D:1      | Reached skill level 3 in Necromancy
     0 | D:1      | Reached skill level 3 in Translocations
     0 | D:1      | Reached skill level 3 in Transmutations
     0 | D:1      | Reached skill level 3 in Fire Magic
     0 | D:1      | Reached skill level 3 in Ice Magic
     0 | D:1      | Reached skill level 3 in Air Magic
     0 | D:1      | Reached skill level 3 in Earth Magic
     0 | D:1      | Reached skill level 3 in Poison Magic
     0 | D:1      | MackTheKnife the Djinni Venom Mage began the quest for the
                  | Orb.
     0 | D:1      | MackTheKnife set off with the following spells memorised:
                  | Sting, Poisonous Vapours, Mephitic Cloud, Olgreb's Toxic
                  | Radiance.
     0 | D:1      | Reached XP level 1. HP: 15/15 MP: 0/0
     0 | D:1      | magus.rc [v1.9.6]
   294 | D:1      | Reached XP level 2. HP: 13/21 MP: 0/0
  1025 | D:1      | Reached XP level 3. HP: 24/25 MP: 0/0
  1025 | D:1      | Learned a level 1 spell: Magic Dart
  1947 | D:3      | Found a faded altar of an unknown god.
  2186 | D:3      | Reached XP level 4. HP: 29/31 MP: 0/0
  2640 | D:3      | Reached skill level 1 in Fighting
  3290 | D:4      | Noticed a scorpion
  3295 | D:4      | Killed a scorpion
  3296 | D:4      | Reached skill level 2 in Fighting
  3296 | D:4      | Reached skill level 4 in Spellcasting
  3296 | D:4      | Reached skill level 4 in Conjurations
  3296 | D:4      | Reached skill level 4 in Hexes
  3296 | D:4      | Reached skill level 4 in Summonings
  3296 | D:4      | Reached skill level 4 in Necromancy
  3296 | D:4      | Reached skill level 4 in Translocations
  3296 | D:4      | Reached skill level 4 in Transmutations
  3296 | D:4      | Reached skill level 4 in Fire Magic
  3296 | D:4      | Reached skill level 4 in Ice Magic
  3296 | D:4      | Reached skill level 4 in Air Magic
  3296 | D:4      | Reached skill level 4 in Earth Magic
  3296 | D:4      | Reached skill level 4 in Poison Magic
  3296 | D:4      | Reached XP level 5. HP: 26/38 MP: 0/0
  3296 | D:4      | Learned a level 2 spell: Searing Ray
  3366 | D:4      | Noticed a phantom
  3378 | D:4      | Killed a phantom
  3379 | D:4      | Reached skill level 3 in Dodging
  3379 | D:4      | Reached XP level 6. HP: 17/45 MP: 0/0
  3546 | D:4      | Reached skill level 3 in Fighting
  3586 | D:4      | Found a sand-covered staircase.
  3603 | Ossuary  | Entered an ossuary
  4001 | Ossuary  | Reached skill level 4 in Dodging
  4029 | Ossuary  | Reached XP level 7. HP: 47/51 MP: 0/0
  4029 | Ossuary  | Learned a level 3 spell: Teleport Other
  4463 | D:4      | Reached skill level 4 in Fighting
  4630 | D:4      | Noticed Menkaure
  4636 | D:4      | Killed Menkaure
  5127 | D:5      | Entered Level 5 of the Dungeon
  5144 | D:5      | Reached skill level 5 in Spellcasting
  5144 | D:5      | Reached skill level 5 in Conjurations
  5144 | D:5      | Reached skill level 5 in Hexes
  5144 | D:5      | Reached skill level 5 in Summonings
  5144 | D:5      | Reached skill level 5 in Necromancy
  5144 | D:5      | Reached skill level 5 in Translocations
  5144 | D:5      | Reached skill level 5 in Transmutations
  5144 | D:5      | Reached skill level 5 in Fire Magic
  5144 | D:5      | Reached skill level 5 in Ice Magic
  5144 | D:5      | Reached skill level 5 in Air Magic
  5144 | D:5      | Reached skill level 5 in Earth Magic
  5144 | D:5      | Reached skill level 5 in Poison Magic
  5283 | D:5      | Reached XP level 8. HP: 52/58 MP: 0/0
  5641 | D:5      | Reached skill level 6 in Spellcasting
  5641 | D:5      | Reached skill level 6 in Conjurations
  5641 | D:5      | Reached skill level 6 in Hexes
  5641 | D:5      | Reached skill level 6 in Summonings
  5641 | D:5      | Reached skill level 6 in Necromancy
  5641 | D:5      | Reached skill level 6 in Translocations
  5641 | D:5      | Reached skill level 6 in Transmutations
  5641 | D:5      | Reached skill level 6 in Fire Magic
  5641 | D:5      | Reached skill level 6 in Ice Magic
  5641 | D:5      | Reached skill level 6 in Air Magic
  5641 | D:5      | Reached skill level 6 in Earth Magic
  5641 | D:5      | Reached skill level 6 in Poison Magic
  5769 | D:5      | Noticed Sigmund
  5826 | D:5      | Found Esyd's Fire Supplies.
  5840 | D:5      | Bought a scroll of immolation for 48 gold pieces
  6469 | D:6      | Found a glowing drain.
  6487 | Sewer    | Entered a sewer
  6655 | Sewer    | Reached skill level 7 in Spellcasting
  6655 | Sewer    | Reached skill level 7 in Conjurations
  6655 | Sewer    | Reached skill level 7 in Hexes
  6655 | Sewer    | Reached skill level 7 in Summonings
  6655 | Sewer    | Reached skill level 7 in Necromancy
  6655 | Sewer    | Reached skill level 7 in Translocations
  6655 | Sewer    | Reached skill level 7 in Transmutations
  6655 | Sewer    | Reached skill level 7 in Fire Magic
  6655 | Sewer    | Reached skill level 7 in Ice Magic
  6655 | Sewer    | Reached skill level 7 in Air Magic
  6655 | Sewer    | Reached skill level 7 in Earth Magic
  6655 | Sewer    | Reached skill level 7 in Poison Magic
  6900 | D:6      | Reached XP level 9. HP: 57/63 MP: 0/0
  6900 | D:6      | Learned a level 4 spell: Passage of Golubria
  6976 | D:6      | Noticed Maggie
  6987 | D:6      | Killed Maggie
  6988 | D:6      | Reached skill level 5 in Fighting
  6988 | D:6      | Reached skill level 5 in Dodging
  7116 | D:6      | Noticed Pikel
  7130 | D:6      | Killed Pikel
  7131 | D:6      | Reached skill level 6 in Fighting
  7131 | D:6      | Reached skill level 6 in Dodging
  7131 | D:6      | Reached skill level 3 in Stealth
  7246 | D:6      | Found a staircase to the Ecumenical Temple.
  7256 | Temple   | Entered the Ecumenical Temple
  7295 | Temple   | Became a worshipper of Ashenzari the Shackled
  7356 | D:6      | Reached skill level 1 in Evocations
  7597 | D:7      | Reached skill level 4 in Stealth
  7630 | D:7      | Reached skill level 2 in Evocations
  7643 | D:7      | Identified the +5 dagger of Unaiwky {heavy, rPois rN+
                  | Dex+3}
  7762 | D:7      | Reached skill level 3 in Evocations
  7763 | D:7      | Reached skill level 4 in Evocations
  7763 | D:7      | Reached XP level 10. HP: 54/72 MP: 0/0
  7780 | D:7      | Reached skill level 7 in Dodging
  8018 | D:7      | Reached skill level 7 in Fighting
  8247 | D:7      | Noticed a white ugly thing
  8255 | D:7      | Killed a white ugly thing
  8322 | D:7      | Noticed a gargoyle
  8609 | D:8      | Noticed Jeremiah
  8654 | D:8      | Noticed an elephant
  8691 | D:8      | Found a transporter.
  8698 | D:8      | Found a transporter.
  8714 | D:8      | Reached skill level 8 in Dodging
  8911 | D:8      | Killed Jeremiah
  8912 | D:8      | Reached skill level 8 in Fighting
  9001 | D:8      | Reached * piety under Ashenzari
  9131 | D:8      | Noticed Joseph
  9159 | D:8      | Killed Joseph
  9162 | D:8      | magus.rc [v1.9.6]
  9437 | D:8      | Found a staircase to the Lair.
  9464 | D:8      | Killed an elephant
  9465 | D:8      | Reached skill level 1 in Short Blades
  9465 | D:8      | Reached skill level 9 in Dodging
  9465 | D:8      | Reached XP level 11. HP: 78/82 MP: 0/0
  9465 | D:8      | Learned a level 4 spell: Summon Ice Beast
  9512 | D:8      | Noticed Maurice
  9529 | D:8      | Noticed Grum
  9535 | D:8      | Reached skill level 9 in Fighting
  9535 | D:8      | Reached skill level 2 in Short Blades
  9543 | D:8      | Killed Grum
  9544 | D:8      | Reached skill level 3 in Short Blades
  9548 | D:8      | Killed Maurice
  9549 | D:8      | Reached skill level 4 in Short Blades
  9638 | D:8      | Found a transporter.
  9675 | D:8      | Reached skill level 5 in Short Blades
 10014 | D:8      | Found a transporter.
 10296 | D:9      | Reached ** piety under Ashenzari
 10305 | D:9      | Reached skill level 6 in Short Blades
 10422 | D:9      | Identified the +5 chain mail "Utuodghest" {Will+ Int+2}
 10556 | D:9      | Noticed Erolcha
 10564 | D:9      | Killed Erolcha
 11068 | D:10     | Entered Level 10 of the Dungeon
 11198 | D:10     | Reached *** piety under Ashenzari
 11281 | D:10     | Reached skill level 1 in Armour
 11628 | D:10     | Found a sparkling altar of Nemelex Xobeh.
 11826 | Lair:1   | Entered Level 1 of the Lair of Beasts
 11854 | Lair:1   | Reached skill level 2 in Armour
 11880 | Lair:1   | Found a dark tunnel.
 11924 | Volcano  | Entered a volcano
 11940 | Volcano  | Noticed an ogre mage
 11953 | Volcano  | Paralysed by an ogre mage for 4 turns
 11959 | Volcano  | Killed an ogre mage
 11960 | Volcano  | Reached XP level 12. HP: 94/94 MP: 0/0
 11963 | Volcano  | Found a bloodstained altar of Trog.
 11964 | Volcano  | Noticed a red draconian
 11971 | Volcano  | Noticed a two-headed ogre
 11973 | Volcano  | Noticed a two-headed ogre
 11973 | Volcano  | Noticed a two-headed ogre
 11975 | Volcano  | Noticed a two-headed ogre
 11976 | Volcano  | Noticed a two-headed ogre
 11979 | Volcano  | Killed a two-headed ogre
 11980 | Volcano  | Reached skill level 7 in Short Blades
 11982 | Volcano  | Noticed a two-headed ogre
 11987 | Volcano  | Killed a two-headed ogre
 11993 | Volcano  | Killed a two-headed ogre
 11994 | Volcano  | Reached skill level 8 in Short Blades
 11994 | Volcano  | Killed a two-headed ogre
 11995 | Volcano  | Reached skill level 10 in Fighting
 12000 | Volcano  | Killed a two-headed ogre
 12056 | Volcano  | Killed a red draconian
 12059 | Volcano  | Killed a two-headed ogre
 12363 | Lair:1   | Reached **** piety under Ashenzari
 12439 | Lair:1   | Reached skill level 8 in Spellcasting
 12439 | Lair:1   | Reached skill level 8 in Conjurations
 12439 | Lair:1   | Reached skill level 8 in Hexes
 12439 | Lair:1   | Reached skill level 8 in Summonings
 12439 | Lair:1   | Reached skill level 8 in Necromancy
 12439 | Lair:1   | Reached skill level 8 in Translocations
 12439 | Lair:1   | Reached skill level 8 in Transmutations
 12439 | Lair:1   | Reached skill level 8 in Fire Magic
 12439 | Lair:1   | Reached skill level 8 in Ice Magic
 12439 | Lair:1   | Reached skill level 8 in Air Magic
 12439 | Lair:1   | Reached skill level 8 in Earth Magic
 12439 | Lair:1   | Reached skill level 8 in Poison Magic
 12587 | Lair:1   | Reached skill level 11 in Fighting
 12940 | Lair:2   | Reached XP level 13. HP: 100/102 MP: 0/0
 12940 | Lair:2   | Learned a level 5 spell: Irradiate
 12946 | Lair:2   | Noticed Gastronok
 12967 | Lair:2   | Killed Gastronok
 12968 | Lair:2   | Reached skill level 5 in Stealth
 13061 | Lair:2   | Noticed Amaemon
 13070 | Lair:2   | Killed Amaemon
 13126 | Lair:2   | Reached skill level 6 in Stealth
 13138 | Lair:2   | Reached skill level 9 in Spellcasting
 13138 | Lair:2   | Reached skill level 9 in Conjurations
 13138 | Lair:2   | Reached skill level 9 in Hexes
 13138 | Lair:2   | Reached skill level 9 in Summonings
 13138 | Lair:2   | Reached skill level 9 in Necromancy
 13138 | Lair:2   | Reached skill level 9 in Translocations
 13138 | Lair:2   | Reached skill level 9 in Transmutations
 13138 | Lair:2   | Reached skill level 9 in Fire Magic
 13138 | Lair:2   | Reached skill level 9 in Ice Magic
 13138 | Lair:2   | Reached skill level 9 in Air Magic
 13138 | Lair:2   | Reached skill level 9 in Earth Magic
 13138 | Lair:2   | Reached skill level 9 in Poison Magic
 13221 | Lair:2   | Noticed a six-headed hydra
 13231 | Lair:2   | Killed a six-headed hydra
 13466 | Lair:2   | Reached ***** piety under Ashenzari
 13766 | Lair:2   | magus.rc [v1.9.6]
 13833 | Lair:3   | Reached skill level 1 in Shields
 13839 | Lair:3   | Reached skill level 7 in Stealth
 13995 | Lair:3   | Found a staircase to the Shoals.
 14012 | Lair:3   | Reached skill level 2 in Shields
 14329 | Lair:3   | Reached skill level 3 in Shields
 14459 | Lair:3   | Found a hole to the Spider Nest.
 14882 | Lair:4   | Found a runed translucent gate.
 14882 | Lair:4   | Found a runed translucent gate.
 14882 | Lair:4   | Found a runed translucent gate.
 14886 | Lair:4   | Noticed Urontig's ghost (journeyman AtMo)
 14886 | Lair:4   | Noticed Nelug's ghost (journeyman OpSh)
 15069 | Lair:4   | Noticed Sonja
 15075 | Lair:4   | Killed Sonja
 15076 | Lair:4   | Reached skill level 4 in Shields
 15188 | Lair:4   | Reached XP level 14. HP: 112/112 MP: 0/0
 15234 | Lair:4   | Identified a scroll of acquirement
 15244 | Lair:4   | Acquired the ring "Roehil" {rC+ Will+}
 15514 | Lair:4   | Identified +0 pearl dragon scales
 15523 | Lair:4   | y - +0 pearl dragon scales {rare=g}
 15629 | Lair:4   | You finish putting on your +0 pearl dragon scales {rare=g}.
 15634 | Lair:4   | You finish taking off your +0 pearl dragon scales {rare=g}.
 15668 | Lair:5   | Entered Level 5 of the Lair of Beasts
 15713 | Lair:5   | Reached skill level 12 in Fighting
 15842 | Lair:5   | Identified the of Jinefusm (You acquired it on level 5 of
                  | the Lair of Beasts)
 15842 | Lair:5   | Acquired the +2 cloak of Gomy {Fly Dex+3 SInv}
 15895 | Lair:5   | Reached skill level 13 in Fighting
 16085 | Lair:5   | Found a staircase to the Slime Pits.
 16171 | Lair:5   | Reached skill level 10 in Spellcasting
 16171 | Lair:5   | Reached skill level 10 in Conjurations
 16171 | Lair:5   | Reached skill level 10 in Hexes
 16171 | Lair:5   | Reached skill level 10 in Summonings
 16171 | Lair:5   | Reached skill level 10 in Necromancy
 16171 | Lair:5   | Reached skill level 10 in Translocations
 16171 | Lair:5   | Reached skill level 10 in Transmutations
 16171 | Lair:5   | Reached skill level 10 in Fire Magic
 16171 | Lair:5   | Reached skill level 10 in Ice Magic
 16171 | Lair:5   | Reached skill level 10 in Air Magic
 16171 | Lair:5   | Reached skill level 10 in Earth Magic
 16171 | Lair:5   | Reached skill level 10 in Poison Magic
 16326 | Lair:5   | Noticed a quicksilver ooze
 16364 | Lair:5   | Killed a quicksilver ooze
 16862 | D:11     | Upgraded the game from 0.31-a0-997-g9a2f3ffc92 to
                  | 0.31-a0-1001-g770356a28f
 16862 | D:11     | magus.rc [v1.9.6]
 17097 | D:11     | Noticed Erica
 17107 | D:11     | Killed Erica
 17272 | D:11     | Noticed Fannar
 17277 | D:11     | Killed Fannar
 17380 | D:11     | Reached skill level 5 in Evocations
 17430 | D:11     | Noticed Harold
 17444 | D:11     | Killed Harold
 17500 | D:11     | Found a staircase to the Orcish Mines.
 17681 | Orc:1    | Entered Level 1 of the Orcish Mines
 17707 | Orc:1    | Reached skill level 6 in Evocations
 17795 | Orc:1    | Found a burning altar of Makhleb.
 17892 | Orc:2    | Entered Level 2 of the Orcish Mines
 17978 | Orc:2    | Reached XP level 15. HP: 125/127 MP: 0/0
 17978 | Orc:2    | Learned a level 6 spell: Eringya's Noxious Bog
 18025 | Orc:2    | Reached skill level 7 in Evocations
 18025 | Orc:2    | Reached skill level 8 in Stealth
 18632 | Orc:2    | Reached skill level 11 in Spellcasting
 18632 | Orc:2    | Reached skill level 11 in Conjurations
 18632 | Orc:2    | Reached skill level 11 in Hexes
 18632 | Orc:2    | Reached skill level 11 in Summonings
 18632 | Orc:2    | Reached skill level 11 in Necromancy
 18632 | Orc:2    | Reached skill level 11 in Translocations
 18632 | Orc:2    | Reached skill level 11 in Transmutations
 18632 | Orc:2    | Reached skill level 11 in Fire Magic
 18632 | Orc:2    | Reached skill level 11 in Ice Magic
 18632 | Orc:2    | Reached skill level 11 in Air Magic
 18632 | Orc:2    | Reached skill level 11 in Earth Magic
 18632 | Orc:2    | Reached skill level 11 in Poison Magic
 18806 | Orc:2    | Found a staircase to the Elven Halls.
 19216 | Orc:2    | Found Ylei's Weapon Boutique.
 19247 | Orc:2    | Found Verhoabb's Antique Weapon Shop.
 19342 | Orc:2    | Noticed an orc warlord
 19353 | Orc:2    | Killed an orc warlord
 19358 | Orc:2    | Reached skill level 12 in Spellcasting
 19358 | Orc:2    | Reached skill level 12 in Conjurations
 19358 | Orc:2    | Reached skill level 12 in Hexes
 19358 | Orc:2    | Reached skill level 12 in Summonings
 19358 | Orc:2    | Reached skill level 12 in Necromancy
 19358 | Orc:2    | Reached skill level 12 in Translocations
 19358 | Orc:2    | Reached skill level 12 in Transmutations
 19358 | Orc:2    | Reached skill level 12 in Fire Magic
 19358 | Orc:2    | Reached skill level 12 in Ice Magic
 19358 | Orc:2    | Reached skill level 12 in Air Magic
 19358 | Orc:2    | Reached skill level 12 in Earth Magic
 19358 | Orc:2    | Reached skill level 12 in Poison Magic
 19386 | Orc:2    | Found Izxeiddo's Distillery.
 19398 | Orc:2    | Bought a potion of resistance for 150 gold pieces
 19498 | Orc:2    | Found Ydi Paoh's Antique Armour Emporium.
 19541 | Orc:2    | Bought a brightly glowing ring mail for 315 gold pieces
 19541 | Orc:2    | Identified the +4 ring mail "Tyusmotz" {rElec Str+3 Dex-4}
                  | (You bought it in a shop on level 2 of the Orcish Mines)
 20457 | D:13     | Found a frozen archway.
 20486 | IceCv    | Entered an ice cave
 20553 | IceCv    | Reached skill level 13 in Spellcasting
 20553 | IceCv    | Reached skill level 13 in Conjurations
 20553 | IceCv    | Reached skill level 13 in Hexes
 20553 | IceCv    | Reached skill level 13 in Summonings
 20553 | IceCv    | Reached skill level 13 in Necromancy
 20553 | IceCv    | Reached skill level 13 in Translocations
 20553 | IceCv    | Reached skill level 13 in Transmutations
 20553 | IceCv    | Reached skill level 13 in Fire Magic
 20553 | IceCv    | Reached skill level 13 in Ice Magic
 20553 | IceCv    | Reached skill level 13 in Air Magic
 20553 | IceCv    | Reached skill level 13 in Earth Magic
 20553 | IceCv    | Reached skill level 13 in Poison Magic
 20553 | IceCv    | Reached XP level 16. HP: 124/134 MP: 0/0
 21065 | IceCv    | Noticed a frost giant
 21080 | IceCv    | Killed a frost giant
 21313 | D:13     | Found a gate to the Vaults.
 21376 | D:13     | Noticed Nessos
 21379 | D:13     | Noticed Urug
 21436 | D:13     | Noticed Azrael
 21522 | D:13     | Killed Azrael
 21523 | D:13     | Reached skill level 14 in Spellcasting
 21523 | D:13     | Reached skill level 14 in Conjurations
 21523 | D:13     | Reached skill level 14 in Hexes
 21523 | D:13     | Reached skill level 14 in Summonings
 21523 | D:13     | Reached skill level 14 in Necromancy
 21523 | D:13     | Reached skill level 14 in Translocations
 21523 | D:13     | Reached skill level 14 in Transmutations
 21523 | D:13     | Reached skill level 14 in Fire Magic
 21523 | D:13     | Reached skill level 14 in Ice Magic
 21523 | D:13     | Reached skill level 14 in Air Magic
 21523 | D:13     | Reached skill level 14 in Earth Magic
 21523 | D:13     | Reached skill level 14 in Poison Magic
 21568 | D:13     | Killed Nessos
 21569 | D:13     | Reached skill level 10 in Dodging
 21636 | D:13     | Killed Urug
 21649 | D:13     | Identified the +3 scale mail "Utroff" {Rampage Will+ Regen+
                  | Str+2}
 22712 | D:15     | Entered Level 15 of the Dungeon
 22812 | D:15     | Reached skill level 14 in Fighting
 22827 | D:15     | Identified the +5 mace of Mana {flame, *Rage Will++ Str+3}
 22920 | D:15     | Reached skill level 11 in Dodging
 23351 | D:15     | Found a staircase to the Depths.
 23747 | Spider:1 | Entered Level 1 of the Spider Nest
 23752 | Spider:1 | Noticed Donald
 23759 | Spider:1 | Killed Donald
 23762 | Spider:1 | Reached XP level 17. HP: 129/141 MP: 0/0
 23762 | Spider:1 | Learned a level 7 spell: Malign Gateway
 23778 | Spider:1 | Noticed Kirke
 23791 | Spider:1 | Killed Kirke
 23808 | Spider:1 | Reached skill level 12 in Dodging
 23863 | Spider:1 | Reached skill level 15 in Fighting
 23969 | Spider:1 | Noticed Nikola
 24070 | Spider:1 | Reached ****** piety under Ashenzari
 24611 | Spider:2 | Noticed Mlioglotl
 24770 | Spider:2 | Killed Mlioglotl
 24771 | Spider:2 | Reached skill level 13 in Dodging
 25215 | Spider:2 | Reached skill level 16 in Fighting
 25461 | Spider:3 | Reached skill level 14 in Dodging
 26075 | Spider:3 | Noticed Arachne
 26083 | Spider:3 | Killed Arachne
 26798 | Spider:4 | Entered Level 4 of the Spider Nest
 26812 | Spider:3 | Reached XP level 18. HP: 102/155 MP: 0/0
 27694 | Spider:4 | Reached skill level 15 in Dodging
 27759 | Spider:4 | Reached skill level 17 in Fighting
 28209 | Spider:4 | Reached skill level 16 in Dodging
 28238 | Spider:4 | Identified the +0 hat "Fadoph" {Dex+4}
 28372 | Spider:4 | Got a gossamer rune of Zot
 28545 | Shoals:1 | Entered Level 1 of the Shoals
 28577 | Shoals:1 | Found Dasoecoq's Assorted Antiques.
 28590 | Shoals:1 | Bought a scroll labelled YPESAFOCKU for 29 gold pieces
 28590 | Shoals:1 | Bought a steaming leather armour for 203 gold pieces
 28590 | Shoals:1 | Identified the +4 leather armour of Rotation {Fly} (You
                  | bought it in a shop on level 1 of the Shoals)
 28761 | Shoals:1 | Identified the +5 broad axe of Jyzyok {heavy, rF++ Int+5
                  | Stlth+}
 28871 | Shoals:1 | Reached skill level 17 in Dodging
 29799 | Shoals:2 | Reached XP level 19. HP: 153/162 MP: 0/0
 29799 | Shoals:2 | Learned a level 6 spell: Death Channel
 29930 | Shoals:2 | Reached skill level 18 in Dodging
 30371 | Shoals:3 | Found a flickering gateway to a bazaar.
 30378 | Bazaar   | Entered a bazaar
 30378 | Bazaar   | Found Wozel's Antique Armour Shoppe.
 30378 | Bazaar   | Found Xedepn's Armour Emporium.
 30411 | Bazaar   | Found Uriost's Armour Shoppe.
 30426 | Bazaar   | Found Nuczav's Distillery.
 30434 | Bazaar   | Bought a potion of resistance for 180 gold pieces
 30434 | Bazaar   | Bought a potion of invisibility for 144 gold pieces
 30434 | Bazaar   | Bought a potion of might for 72 gold pieces
 30609 | Shoals:3 | Noticed Polyphemus
 30622 | Shoals:3 | Killed Polyphemus
 30728 | Shoals:3 | Reached skill level 19 in Dodging
 31390 | Shoals:4 | Entered Level 4 of the Shoals
 31729 | Shoals:4 | Reached skill level 20 in Dodging
 31847 | Shoals:4 | Got a barnacled rune of Zot
 31939 | Shoals:4 | Identified the orb of the Seven of Pentacles {mayhem, Harm}
 32009 | Shoals:4 | Identified the +0 cloak of Death Resistance {rElec}
 32369 | Shoals:4 | Reached XP level 20. HP: 168/169 MP: 0/0
 32724 | Vaults:1 | Entered Level 1 of the Vaults
 32732 | Vaults:1 | Reached skill level 3 in Armour
 32762 | Vaults:1 | Reached skill level 4 in Armour
 32983 | Orc:2    | Bought a potion of mutation for 120 gold pieces
 32983 | Orc:2    | Bought a potion of mutation for 120 gold pieces
 32983 | Orc:2    | Bought a potion of haste for 150 gold pieces
 32983 | Orc:2    | Bought a potion of heal wounds for 75 gold pieces
 32983 | Orc:2    | Gained mutation: You possess an exceptional clarity of
                  | mind. [potion of mutation]
 32983 | Orc:2    | Gained mutation: Your flesh is almost immune to the effects
                  | of heat. (rF+++) [potion of mutation]
 33216 | Vaults:1 | Reached skill level 5 in Armour
 33247 | Vaults:1 | Found Quohown's Weapon Boutique.
 33365 | Vaults:1 | Reached skill level 6 in Armour
 33387 | Vaults:1 | Reached skill level 7 in Armour
 33562 | Vaults:1 | Identified the amulet "Xegutz" {Faith Will+ Str+3 Dex+3
                  | Stlth-}
 33569 | Vaults:1 | Reached skill level 8 in Armour
 33815 | Vaults:1 | Reached skill level 5 in Shields
 34161 | Vaults:1 | Reached skill level 6 in Shields
 34457 | Vaults:1 | Found Isiageh's Distillery.
 34473 | Vaults:1 | Bought a potion of heal wounds for 100 gold pieces
 34473 | Vaults:1 | Bought a potion of heal wounds for 100 gold pieces
 34473 | Vaults:1 | Bought a potion of haste for 200 gold pieces
 34473 | Vaults:1 | Bought a potion of resistance for 200 gold pieces
 34473 | Vaults:1 | Bought a potion of cancellation for 160 gold pieces
 34473 | Vaults:1 | Bought a potion of brilliance for 80 gold pieces
 34560 | Vaults:2 | Reached skill level 8 in Evocations
 34697 | Vaults:2 | Reached skill level 9 in Evocations
 34886 | Vaults:2 | Reached skill level 21 in Dodging
 35069 | Vaults:2 | Reached XP level 21. HP: 154/175 MP: 0/0
 35069 | Vaults:2 | Learned a level 8 spell: Maxwell's Capacitive Coupling
 35401 | Vaults:2 | Identified the +1 spear of Maacarin {flame, Int+2 Stlth+}
 35546 | Vaults:2 | Identified the +0 plate armour of Music {Rampage rPois}
 35942 | Vaults:3 | Reached skill level 15 in Spellcasting
 35942 | Vaults:3 | Reached skill level 15 in Conjurations
 35942 | Vaults:3 | Reached skill level 15 in Hexes
 35942 | Vaults:3 | Reached skill level 15 in Summonings
 35942 | Vaults:3 | Reached skill level 15 in Necromancy
 35942 | Vaults:3 | Reached skill level 15 in Translocations
 35942 | Vaults:3 | Reached skill level 15 in Transmutations
 35942 | Vaults:3 | Reached skill level 15 in Fire Magic
 35942 | Vaults:3 | Reached skill level 15 in Ice Magic
 35942 | Vaults:3 | Reached skill level 15 in Air Magic
 35942 | Vaults:3 | Reached skill level 15 in Earth Magic
 35942 | Vaults:3 | Reached skill level 15 in Poison Magic
 36321 | Vaults:3 | Found a staircase to the Crypt.
 36718 | Vaults:3 | Reached skill level 16 in Spellcasting
 36718 | Vaults:3 | Reached skill level 16 in Conjurations
 36718 | Vaults:3 | Reached skill level 16 in Hexes
 36718 | Vaults:3 | Reached skill level 16 in Summonings
 36718 | Vaults:3 | Reached skill level 16 in Necromancy
 36718 | Vaults:3 | Reached skill level 16 in Translocations
 36718 | Vaults:3 | Reached skill level 16 in Transmutations
 36718 | Vaults:3 | Reached skill level 16 in Fire Magic
 36718 | Vaults:3 | Reached skill level 16 in Ice Magic
 36718 | Vaults:3 | Reached skill level 16 in Air Magic
 36718 | Vaults:3 | Reached skill level 16 in Earth Magic
 36718 | Vaults:3 | Reached skill level 16 in Poison Magic
 37252 | Vaults:3 | Identified the +4 ring mail "Tafyhow" {SInv}
 37384 | Vaults:3 | Reached XP level 22. HP: 182/182 MP: 0/0
 37642 | Vaults:3 | Found a portal to a secret trove of treasure.
 38373 | Vaults:4 | Reached skill level 17 in Spellcasting
 38373 | Vaults:4 | Reached skill level 17 in Conjurations
 38373 | Vaults:4 | Reached skill level 17 in Hexes
 38373 | Vaults:4 | Reached skill level 17 in Summonings
 38373 | Vaults:4 | Reached skill level 17 in Necromancy
 38373 | Vaults:4 | Reached skill level 17 in Translocations
 38373 | Vaults:4 | Reached skill level 17 in Transmutations
 38373 | Vaults:4 | Reached skill level 17 in Fire Magic
 38373 | Vaults:4 | Reached skill level 17 in Ice Magic
 38373 | Vaults:4 | Reached skill level 17 in Air Magic
 38373 | Vaults:4 | Reached skill level 17 in Earth Magic
 38373 | Vaults:4 | Reached skill level 17 in Poison Magic
 38516 | Vaults:4 | Found Vupan's Assorted Antiques.
 38987 | Vaults:4 | Identified the +0 ring mail of Distant Worlds {Fly rC+}
 39462 | Vaults:5 | Identified the "Jezir"
 39462 | Vaults:5 | Identified the "Cuichorung"
 39462 | Crypt:3  | Identified the "Lykhlak"
 39462 | Elf:1    | Entered Level 1 of the Elven Halls
 39667 | Elf:1    | Reached skill level 9 in Armour
 39857 | Elf:1    | Paralysed by an air elemental for 1 turns
 39859 | Elf:1    | Paralysed by an air elemental for 1 turns
 40494 | Orc:2    | Bought the +10 zealot's sword {holy, Zealotry, *Rage rN+
                  | EV+3} for 1686 gold pieces
 40494 | Orc:2    | Found the +10 zealot's sword {holy, Zealotry, *Rage rN+
                  | EV+3}
 40614 | Elf:2    | Reached skill level 10 in Armour
 40620 | Elf:2    | Reached skill level 1 in Long Blades
 40672 | Elf:2    | Paralysed by an air elemental for 1 turns
 40774 | Elf:2    | Reached skill level 2 in Long Blades
 40908 | Elf:2    | Reached skill level 3 in Long Blades
 41115 | Elf:2    | Reached skill level 4 in Long Blades
 41117 | Elf:2    | Reached skill level 11 in Armour
 41117 | Elf:2    | Reached XP level 23. HP: 146/184 MP: 0/0
 41117 | Elf:2    | Learned a level 8 spell: Infestation
 41187 | Elf:2    | Found a runed translucent gate.
 41188 | Elf:2    | Found a runed translucent gate.
 41188 | Elf:2    | Found a runed translucent gate.
 41242 | Elf:3    | Identified the of Qagaxat
 41242 | Elf:3    | Identified the "Sekhing"
 41242 | Elf:3    | Identified the of Laahaiju
 41242 | Elf:3    | Entered Level 3 of the Elven Halls
 41359 | Elf:3    | Paralysed by an air elemental for 1 turns
 41528 | Elf:3    | Paralysed by an air elemental for 1 turns
 41590 | Elf:3    | Reached skill level 5 in Long Blades
 41766 | Elf:3    | Found Zybogall's Self-Published Books.
 42001 | Elf:3    | Reached skill level 6 in Long Blades
 42083 | Elf:3    | Reached skill level 7 in Long Blades
 42246 | Elf:3    | Identified the amulet of False Pretenses {Reflect rF+ Dex+2
                  | SH+5}
 42264 | Elf:3    | Identified the amulet "Qocomiag" {Spirit rElec Regen+ Int+4
                  | Dex-4}
 42271 | Elf:3    | Identified the +2 chain mail of Heitzap {rN++ rCorr MP+9
                  | Int-4}
 42289 | Elf:3    | Reached skill level 8 in Long Blades
 42376 | Elf:3    | Identified the +10 great sword of Okawaru's Favour {drain,
                  | Str+2}
 42506 | Elf:3    | a deep elf sorcerer comes into view. It is wielding the +8
                  | Wrath of Trog {antimagic, *Rage Rampage}.
 42524 | Elf:3    | Aim: a deep elf sorcerer, wielding the +8 Wrath of Trog
                  | {antimagic, *Rage Rampage}, wearing a +3 leather armour and
                  | wearing a +4 ring of protection (lightly wounded, fast,
                  | confused, extremely poisoned)
 42524 | Elf:3    | Aim: a deep elf sorcerer, wielding the +8 Wrath of Trog
                  | {antimagic, *Rage Rampage}, wearing a +3 leather armour and
                  | wearing a +4 ring of protection (lightly wounded, fast,
                  | confused, extremely poisoned)
 42525 | Elf:3    | Aim: a deep elf sorcerer, wielding the +8 Wrath of Trog
                  | {antimagic, *Rage Rampage}, wearing a +3 leather armour and
                  | wearing a +4 ring of protection (heavily wounded, fast,
                  | confused, extremely poisoned, 89% to hit)
 42525 | Elf:3    | Aim: a deep elf sorcerer, wielding the +8 Wrath of Trog
                  | {antimagic, *Rage Rampage}, wearing a +3 leather armour and
                  | wearing a +4 ring of protection (heavily wounded, fast,
                  | confused, extremely poisoned, 89% to hit)
 42603 | Elf:3    | Identified the +9 hand axe "Kodacs" {antimagic, rPois Str+4
                  | Dex+4}
 42670 | Elf:3    | Identified the amulet "Qaoshias" {Spirit Str+2 Dex+4}
 42709 | Elf:3    | Identified the +0 plate armour of the Pink Corner {Harm
                  | Rampage Will+}
 43163 | Depths:1 | Entered Level 1 of the Depths
 43429 | Elf:3    | N - quicksilver dragon scales {rare}
 43435 | Elf:3    | You finish putting on your quicksilver dragon scales
                  | {rare}.
 43927 | Depths:1 | Found a one-way gateway to a ziggurat.
 44039 | Depths:1 | Found a one-way gate leading to the halls of Pandemonium.
 44380 | Depths:1 | Found a gateway to Hell.
 44953 | Crypt:1  | Entered Level 1 of the Crypt
 45006 | Crypt:1  | Reached XP level 24. HP: 141/186 MP: 0/0
 45287 | Crypt:1  | Noticed a curse skull
 45297 | Crypt:1  | Killed a curse skull
 45557 | Crypt:1  | Your quicksilver dragon scales {rare} glows black for a
                  | moment.
 45576 | Crypt:1  | Reached skill level 18 in Fighting
 46504 | Crypt:2  | Noticed Mennas
 46947 | Crypt:2  | Killed Mennas
 46963 | Crypt:3  | Entered Level 3 of the Crypt
 46967 | Crypt:3  | Reached skill level 18 in Spellcasting
 46967 | Crypt:3  | Reached skill level 18 in Conjurations
 46967 | Crypt:3  | Reached skill level 18 in Hexes
 46967 | Crypt:3  | Reached skill level 18 in Summonings
 46967 | Crypt:3  | Reached skill level 18 in Necromancy
 46967 | Crypt:3  | Reached skill level 18 in Translocations
 46967 | Crypt:3  | Reached skill level 18 in Transmutations
 46967 | Crypt:3  | Reached skill level 18 in Fire Magic
 46967 | Crypt:3  | Reached skill level 18 in Ice Magic
 46967 | Crypt:3  | Reached skill level 18 in Air Magic
 46967 | Crypt:3  | Reached skill level 18 in Earth Magic
 46967 | Crypt:3  | Reached skill level 18 in Poison Magic
 47191 | Crypt:3  | Identified the ring of Muxybo {rElec rC- rN+ Dex+3}
 47191 | Crypt:3  | Identified the ring "Leomeis" {Fly rN+ Int+5 Dex+2}
 47191 | Crypt:3  | Identified the ring "Qasyodoa" {rF+ rC+ rN+ Str+3 Dex+4}
 47380 | Crypt:3  | Reached skill level 19 in Fighting
 47507 | Crypt:3  | Noticed a dread lich
 47593 | Crypt:3  | Killed a dread lich
 47605 | Crypt:3  | Identified the +4 mace of Xutup {holy, Str+3}
 47607 | Crypt:3  | Found a staircase to the Tomb.
 47762 | Crypt:3  | Identified the +2 ring mail of Cutsezyr {rF+ Str+3 Dex+5}
 48645 | Depths:2 | Noticed a golden dragon
 48645 | Depths:2 | Noticed a caustic shrike
 48771 | Depths:2 | Reached XP level 25. HP: 132/199 MP: 0/0
 48771 | Depths:2 | Learned a level 9 spell: Chain Lightning
 48794 | Depths:2 | Reached skill level 22 in Dodging
 48843 | Depths:2 | Killed a caustic shrike
 48860 | Depths:2 | Reached skill level 20 in Fighting
 49056 | Depths:2 | Gained mutation: You are frail. (-10% HP) [mutagenic glow]
 49174 | Depths:2 | Found Yxyepsic's Antique Armour Shoppe.
 49181 | Depths:2 | Found Utzak's Assorted Antiques.
 49187 | Depths:2 | Bought a scroll of blinking for 330 gold pieces
 49524 | Depths:2 | Identified the staff of the Moth {rF+ rC+ rN+ Int+3 Earth}
 49953 | Depths:3 | Found Sasebuf's Distillery.
 49955 | Depths:3 | magus.rc [v1.9.6]
 49966 | Depths:3 | Bought a potion of haste for 230 gold pieces
 50032 | Depths:3 | Noticed a juggernaut
 50033 | Depths:3 | Noticed a juggernaut
 50044 | Depths:3 | Noticed Xtahua
 50048 | Depths:3 | Killed Xtahua
 50080 | Depths:2 | Identified the +3 quarterstaff of the Hated {flame, rElec
                  | Str+3 Dex+2}
 50410 | Depths:3 | Reached skill level 19 in Spellcasting
 50410 | Depths:3 | Reached skill level 19 in Conjurations
 50410 | Depths:3 | Reached skill level 19 in Hexes
 50410 | Depths:3 | Reached skill level 19 in Summonings
 50410 | Depths:3 | Reached skill level 19 in Necromancy
 50410 | Depths:3 | Reached skill level 19 in Translocations
 50410 | Depths:3 | Reached skill level 19 in Transmutations
 50410 | Depths:3 | Reached skill level 19 in Fire Magic
 50410 | Depths:3 | Reached skill level 19 in Ice Magic
 50410 | Depths:3 | Reached skill level 19 in Air Magic
 50410 | Depths:3 | Reached skill level 19 in Earth Magic
 50410 | Depths:3 | Reached skill level 19 in Poison Magic
 50425 | Depths:3 | Killed a juggernaut
 50435 | Depths:3 | Reached XP level 26. HP: 145/193 MP: 0/0
 50436 | Depths:3 | Reached skill level 21 in Fighting
 50450 | Depths:3 | Killed a juggernaut
 50617 | Depths:3 | Identified +0 gold dragon scales
 50653 | Depths:3 | k - +0 gold dragon scales {rare}
 51164 | Depths:3 | Found a one-way gate to the infinite horrors of the Abyss.
 51560 | Depths:4 | Entered Level 4 of the Depths
 51986 | Depths:4 | Found Osetig's Book Shop.
 51986 | Depths:4 | Found Cucweoclax's Antique Weapon Boutique.
 51990 | Depths:4 | Found Ewkuterch's Assorted Antiques.
 51998 | Depths:4 | Bought a potion of heal wounds for 225 gold pieces
 51998 | Depths:4 | Bought a scroll of fog for 180 gold pieces
 51998 | Depths:4 | Bought a potion of curing for 135 gold pieces
 52224 | Depths:4 | Found a gate to the Realm of Zot.
 52350 | Depths:4 | Reached skill level 22 in Fighting
 53263 | Vaults:5 | Entered Level 5 of the Vaults
 53263 | Vaults:5 | Identified the +6 long sword "Xikiemumaro" {speed, Str+6}
 53269 | Vaults:5 | Reached skill level 20 in Spellcasting
 53269 | Vaults:5 | Reached skill level 20 in Conjurations
 53269 | Vaults:5 | Reached skill level 20 in Hexes
 53269 | Vaults:5 | Reached skill level 20 in Summonings
 53269 | Vaults:5 | Reached skill level 20 in Necromancy
 53269 | Vaults:5 | Reached skill level 20 in Translocations
 53269 | Vaults:5 | Reached skill level 20 in Transmutations
 53269 | Vaults:5 | Reached skill level 20 in Fire Magic
 53269 | Vaults:5 | Reached skill level 20 in Ice Magic
 53269 | Vaults:5 | Reached skill level 20 in Air Magic
 53269 | Vaults:5 | Reached skill level 20 in Earth Magic
 53269 | Vaults:5 | Reached skill level 20 in Poison Magic
 53503 | Vaults:4 | Reached XP level 27. HP: 137/203 MP: 0/0
 53503 | Vaults:4 | Learned a level 9 spell: Shatter
 53556 | Vaults:5 | Noticed an ancient lich
 53559 | Vaults:5 | Killed an ancient lich
 53695 | Vaults:5 | Identified the +8 trident "Jutop" {venom, rF+ Str+7}
 54030 | Vaults:5 | Reached skill level 21 in Spellcasting
 54030 | Vaults:5 | Reached skill level 21 in Conjurations
 54030 | Vaults:5 | Reached skill level 21 in Hexes
 54030 | Vaults:5 | Reached skill level 21 in Summonings
 54030 | Vaults:5 | Reached skill level 21 in Necromancy
 54030 | Vaults:5 | Reached skill level 21 in Translocations
 54030 | Vaults:5 | Reached skill level 21 in Transmutations
 54030 | Vaults:5 | Reached skill level 21 in Fire Magic
 54030 | Vaults:5 | Reached skill level 21 in Ice Magic
 54030 | Vaults:5 | Reached skill level 21 in Air Magic
 54030 | Vaults:5 | Reached skill level 21 in Earth Magic
 54030 | Vaults:5 | Reached skill level 21 in Poison Magic
 54157 | Vaults:5 | Identified the staff "Esmiod" {rF+ Str+4 Dex+3 SInv Fire}
 54463 | Vaults:5 | Got a silver rune of Zot
 54506 | Vaults:5 | Identified the +0 morningstar "Zyizxiut" {holy, *Noise rC-
                  | Dex+7}
 54506 | Vaults:5 | Identified the ring of Okligh {rElec EV+5 Str+4 Int+5
                  | Dex-5}
 54582 | Vaults:5 | Found Tumpulel's Weapon Shoppe.
 54741 | Vaults:5 | Identified the +0 scimitar of Teaw {freeze, SInv}
 54930 | Vaults:5 | Identified a potion of experience
 54952 | Vaults:5 | Reached skill level 22 in Spellcasting
 54982 | Vaults:5 | Identified the +1 pair of boots of Repulsion {rN+}
 54983 | Vaults:5 | Identified the staff of Ash {rF+ rC+++ Int-3 Dex+2 Fire}
 55312 | Vaults:5 | Identified the +0 chain mail "Gucs" {Drain +Inv Dex+6}
 55540 | Vaults:3 | your +0 gold dragon scales {rare} glow green for a moment.
 55541 | Vaults:3 | your +1 gold dragon scales {rare} glow green for a moment.
 55542 | Vaults:3 | your +2 gold dragon scales {rare} glow green for a moment.
 55543 | Vaults:3 | You paid a toll of +3 gold dragon scales to enter a
                  | treasure trove
 55544 | Trove    | Entered a treasure trove
 55550 | Trove    | Identified the amulet "Quote" {Acrobat Int+3}
 55550 | Trove    | Identified the amulet "Ciciec" {*Slow rF+ Regen+ Str+3}
 56023 | Zot:1    | Entered Level 1 of the Realm of Zot
 56159 | Zot:2    | Noticed a curse toe
 56167 | Zot:2    | Noticed a curse toe
 56176 | Zot:2    | Killed a curse toe
 56333 | Zot:3    | Found a runed translucent door.
 56338 | Zot:3    | Noticed Uvuguett's ghost (veteran SpHu)
 56350 | Zot:3    | Reached skill level 22 in Conjurations
 56350 | Zot:3    | Reached skill level 22 in Hexes
 56350 | Zot:3    | Reached skill level 22 in Summonings
 56350 | Zot:3    | Reached skill level 22 in Necromancy
 56350 | Zot:3    | Reached skill level 22 in Translocations
 56350 | Zot:3    | Reached skill level 22 in Transmutations
 56350 | Zot:3    | Reached skill level 22 in Fire Magic
 56350 | Zot:3    | Reached skill level 22 in Ice Magic
 56350 | Zot:3    | Reached skill level 22 in Air Magic
 56350 | Zot:3    | Reached skill level 22 in Earth Magic
 56350 | Zot:3    | Reached skill level 22 in Poison Magic
 56472 | Zot:3    | Noticed a curse toe
 56474 | Zot:3    | Identified +0 gold dragon scales
 56474 | Zot:3    | Killed a curse toe
 56475 | Zot:3    | Reached skill level 23 in Spellcasting
 56611 | Zot:3    | +0 gold dragon scales {rare}; a golden dragon corpse
 56693 | Zot:3    | +0 gold dragon scales {rare}; a golden dragon skeleton
 56970 | Zot:5    | Entered Level 5 of the Realm of Zot
 57073 | Zot:5    | Reached skill level 24 in Spellcasting
 57327 | Zot:5    | Reached skill level 23 in Fighting
 57395 | Zot:5    | Noticed a Killer Klown
 57396 | Zot:5    | Killed a Killer Klown
 57480 | Zot:5    | Noticed a dread lich
 57495 | Zot:5    | Killed a dread lich
 57555 | Zot:5    | Noticed a dread lich
 57558 | Zot:5    | Killed a dread lich
 57579 | Zot:5    | Noticed an electric golem
 57583 | Zot:5    | Killed an electric golem
 57639 | Zot:5    | Noticed an orb of fire
 57642 | Zot:5    | Killed an orb of fire
 57643 | Zot:5    | Lost mutation: You possess an exceptional clarity of mind.
                  | [potion of mutation]
 57643 | Zot:5    | Lost mutation: Your flesh is almost immune to the effects
                  | of heat. (rF+++) [potion of mutation]
 57643 | Zot:5    | Lost mutation: You are frail. (-10% HP) [potion of
                  | mutation]
 57643 | Zot:5    | Gained mutation: You are partially covered in iridescent
                  | scales. (AC +2) [potion of mutation]
 57643 | Zot:5    | Gained mutation: You have hidden genetic potential. [potion
                  | of mutation]
 57662 | Zot:5    | Noticed an orb of fire
 57667 | Zot:5    | Killed an orb of fire
 57701 | Zot:5    | Noticed an ancient lich
 57702 | Zot:5    | Killed an ancient lich
 57714 | Zot:5    | Noticed a Killer Klown
 57717 | Zot:5    | Killed a Killer Klown
 57753 | Zot:5    | Reached skill level 24 in Fighting
 57753 | Zot:5    | Noticed a Killer Klown
 57871 | Zot:5    | Killed a Killer Klown
 57916 | Zot:5    | Noticed a Killer Klown
 57916 | Zot:5    | Noticed a dread lich
 57917 | Zot:5    | Noticed an orb of fire
 57917 | Zot:5    | Noticed an electric golem
 57920 | Zot:5    | Killed a Killer Klown
 57924 | Zot:5    | Killed an electric golem
 57929 | Zot:5    | Killed an orb of fire
 57929 | Zot:5    | Noticed an orb of fire
 57931 | Zot:5    | Gained mutation: You sometimes lose your temper in combat.
                  | [an orb of fire]
 57937 | Zot:5    | Gained mutation: You do not regenerate when monsters are
                  | visible. [an orb of fire]
 57938 | Zot:5    | Killed an orb of fire
 57940 | Zot:5    | Lost mutation: You are partially covered in iridescent
                  | scales. (AC +2) [potion of mutation]
 57940 | Zot:5    | Lost mutation: You have hidden genetic potential. [potion
                  | of mutation]
 57940 | Zot:5    | Lost mutation: You sometimes lose your temper in combat.
                  | [potion of mutation]
 57940 | Zot:5    | Gained mutation: You are weak. (Str -2) [potion of
                  | mutation]
 57940 | Zot:5    | Gained mutation: You have a pair of small antennae on your
                  | head. [potion of mutation]
 57940 | Zot:5    | Gained mutation: You are dopey. (Int -2) [potion of
                  | mutation]
 57941 | Zot:5    | Lost mutation: You have a pair of small antennae on your
                  | head. [potion of mutation]
 57941 | Zot:5    | Lost mutation: You are dopey. (Int -2) [potion of mutation]
 57941 | Zot:5    | Lost mutation: You do not regenerate when monsters are
                  | visible. [potion of mutation]
 57941 | Zot:5    | Gained mutation: You are occasionally teleported next to
                  | monsters. [potion of mutation]
 57942 | Zot:5    | Lost mutation: You are weak. (Str -2) [potion of mutation]
 57942 | Zot:5    | Lost mutation: You are occasionally teleported next to
                  | monsters. [potion of mutation]
 57942 | Zot:5    | Gained mutation: You are weak. (Str -2) [potion of
                  | mutation]
 57942 | Zot:5    | Gained mutation: You passively map a small area around you.
                  | [potion of mutation]
 58035 | Zot:5    | Killed a dread lich
 58118 | Zot:5    | Noticed an orb of fire
 58121 | Zot:5    | Gained mutation: You are strong-willed. (Will+) [an orb of
                  | fire]
 58122 | Zot:5    | Gained mutation: You have hidden genetic defects. [an orb
                  | of fire]
 58126 | Zot:5    | Killed an orb of fire
 58203 | Zot:5    | Noticed an orb of fire
 58210 | Zot:5    | Gained mutation: You are very weak. (Str -4) [an orb of
                  | fire]
 58211 | Zot:5    | Gained mutation: You occasionally shout uncontrollably at
                  | your foes. [an orb of fire]
 58215 | Zot:5    | Gained mutation: You occasionally lose the ability to drink
                  | potions when taking damage. [an orb of fire]
 58224 | Zot:5    | Killed an orb of fire
 58225 | Zot:5    | Reached skill level 25 in Fighting
 58292 | Zot:5    | Lost mutation: You passively map a small area around you.
                  | [potion of mutation]
 58292 | Zot:5    | Lost mutation: You have hidden genetic defects. [potion of
                  | mutation]
 58292 | Zot:5    | Gained mutation: You occasionally lose the ability to read
                  | scrolls when taking damage. [potion of mutation]
 58292 | Zot:5    | Gained mutation: You have a pair of small antennae on your
                  | head. [potion of mutation]
 58292 | Zot:5    | Lost mutation: You are strong-willed. (Will+) [potion of
                  | mutation]
 58294 | Zot:5    | Lost mutation: You occasionally lose the ability to drink
                  | potions when taking damage. [potion of mutation]
 58294 | Zot:5    | Lost mutation: You are very weak. (Str -4) [potion of
                  | mutation]
 58294 | Zot:5    | Lost mutation: You are weak. (Str -2) [potion of mutation]
 58294 | Zot:5    | Gained mutation: You expend health (3 HP) to strengthen
                  | your wands. [potion of mutation]
 58294 | Zot:5    | Gained mutation: Your body sometimes deteriorates upon
                  | taking damage. [potion of mutation]
 58294 | Zot:5    | Gained mutation: Your mind is acute. (Int +4, Str/Dex -1)
                  | [potion of mutation]
 58294 | Zot:5    | Gained mutation: You are agile. (Dex +4, Str/Int -1)
                  | [potion of mutation]
 58297 | Zot:5    | Lost mutation: You have a pair of small antennae on your
                  | head. [potion of mutation]
 58297 | Zot:5    | Lost mutation: You occasionally shout uncontrollably at
                  | your foes. [potion of mutation]
 58297 | Zot:5    | Lost mutation: You expend health (3 HP) to strengthen your
                  | wands. [potion of mutation]
 58297 | Zot:5    | Gained mutation: Your spells are a little easier to cast,
                  | but a little less powerful. [potion of mutation]
 58298 | Zot:5    | Lost mutation: You are agile. (Dex +4, Str/Int -1) [potion
                  | of mutation]
 58298 | Zot:5    | Lost mutation: You occasionally lose the ability to read
                  | scrolls when taking damage. [potion of mutation]
 58298 | Zot:5    | Lost mutation: Your spells are a little easier to cast, but
                  | a little less powerful. [potion of mutation]
 58298 | Zot:5    | Gained mutation: You are robust. (+10% HP) [potion of
                  | mutation]
 58298 | Zot:5    | Gained mutation: You are partially covered in iridescent
                  | scales. (AC +2) [potion of mutation]
 58298 | Zot:5    | Gained mutation: You passively dampen the noise of your
                  | surroundings. [potion of mutation]
 58311 | Zot:5    | Noticed an ancient lich
 58315 | Zot:5    | Killed an ancient lich
 58364 | Zot:5    | Noticed an orb of fire
 58367 | Zot:5    | Noticed an ancient lich
 58368 | Zot:5    | Killed an orb of fire
 58373 | Zot:5    | Killed an ancient lich
 58578 | Zot:5    | Noticed a Killer Klown
 58585 | Zot:5    | Killed a Killer Klown
 58694 | Zot:5    | Got the Orb of Zot
 58906 | Depths:4 | Noticed Itaxog the pandemonium lord
 58911 | Depths:4 | Killed Itaxog the pandemonium lord
 59025 | Depths:1 | Reached skill level 26 in Fighting
 59076 | D:14     | Noticed a seraph
 59079 | D:14     | Identified the +0 tower shield of Iblutz {Int+4}
 59295 | D:$      | Escaped with the Orb!

Vanquished Creatures
  4 dread liches
  4 ancient liches
  7 orbs of fire (Zot:5)
  Mennas (Crypt:2)
  2 juggernauts (Depths:3)
  5 Killer Klowns (Zot:5)
  Xtahua (Depths:3)
  2 curse toes
  A profane servitor (Depths:2)
  9 golden dragons
  A bone dragon (Crypt:3)
  Arachne (Spider:3)
  2 electric golems (Zot:5)
  6 tentacled monstrosities
  A walking earthen tome (Depths:3)
  Mlioglotl (Spider:2)
  7 liches
  3 deep elf blademasters (Elf:3)
  4 quicksilver dragons
  15 Orb Guardians (Zot:5)
  9 sphinxes
  3 titans
  A kraken (Shoals:3)
  A pandemonium lord (Depths:4)
  2 ancient champions
  5 death cobs
  Gastronok (Lair:2)
  6 storm dragons
  10 shadow dragons
  2 revenants
  Donald (Spider:1)
  10 tengu reavers
  Kirke (Spider:1)
  3 draconian monks
  5 frost giants
  An iron dragon (Vaults:5)
  5 deep elf sorcerers
  7 fire giants
  17 vault wardens
  A draconian shifter (Depths:4)
  3 draconian scorchers
  A balrug (Depths:2)
  5 deep elf elementalists (Elf:3)
  9 ghouls
  A curse skull (Crypt:1)
  5 ghost moths
  17 ironbound preservers
  2 juggernaut zombies
  A formless jellyfish (Vaults:1)
  4 draconian annihilators
  2 draconian stormcallers (Zot:5)
  3 orc warlords
  4 spriggan defenders
  A quicksilver ooze (Lair:5)
  8 very ugly things
  2 reapers
  6 ironbound thunderhulks
  14 stone giants
  7 vampire knights
  7 war gargoyles
  5 deep elf demonologists
  5 deep elf annihilators
  4 black draconians
  4 green draconians
  Azrael (D:13)
  9 purple draconians
  5 white draconians
  A dire elephant (shapeshifter) (Vaults:5)
  A lorocyproca (Depths:4)
  11 spark wasps
  8 dire elephants
  Nessos (D:13)
  4 yellow draconians
  6 red draconians
  4 eidola
  A blizzard demon (D:12)
  9 ettins
  A deep elf death mage (Crypt:2)
  4 merfolk javelineers
  8 fire dragons
  2 crystal guardians (Crypt:3)
  5 entropy weavers
  4 jiangshi (Crypt:1)
  6 merfolk impalers
  4 deep elf high priests
  30 vault guards
  Harold (D:11)
  Fannar (D:11)
  2 ice dragons
  20 yaktaur captains
  A hell beast (Depths:4)
  5 great orbs of eyes
  4 rakshasas
  3 hydras
  A fenstrider witch zombie (Crypt:3)
  Erolcha (D:9)
  3 ogre magi
  11 centaur warriors
  A jorogumo (Spider:4)
  A spriggan air mage (Depths:2)
  9 ironbound frosthearts
  A spriggan skeleton (Depths:3)
  15 two-headed ogres
  3 merfolk avatars
  A radroach (Spider:1)
  Erica (D:11)
  4 boulder beetles
  19 dancing weapons
  A catoblepas (Shoals:3)
  2 satyrs
  10 death yaks
  3 demonic crawlers
  2 hell hogs (Depths:4)
  6 merfolk aquamancers
  3 vampire magi
  5 orc high priests
  4 spriggan berserkers
  2 deep troll shamans (Depths:3)
  Urug (D:13)
  A titan zombie (Crypt:3)
  5 deep troll earth magi
  An occultist (Depths:1)
  A sun demon (Zot:3)
  11 hell knights
  Sonja (Lair:4)
  9 skeletal warriors
  3 spriggans (Depths:3)
  4 skysharks
  12 deep elf knights
  4 pharaoh ants
  A sun moth (Spider:3)
  51 deep trolls
  12 sea snakes
  A salamander mystic (Depths:3)
  A goliath frog (shapeshifter) (Depths:3)
  6 iron trolls
  2 shadow wraiths (Crypt:2)
  4 orb spiders
  A shadow demon (Depths:2)
  A bunyip skeleton (Crypt:3)
  A spectral spark wasp (Depths:4)
  2 glowing orange brains
  2 bog bodies (Crypt:2)
  A flayed ghost (Crypt:2)
  A golden dragon skeleton (Depths:3)
  11 lindwurms
  Pikel (D:6)
  10 phantasmal warriors
  A steelbarb worm (shapeshifter) (Vaults:5)
  5 steelbarb worms
  An orb spider (shapeshifter) (Vaults:3)
  A shadow dragon zombie (Depths:3)
  14 ironbound convokers
  11 orc knights
  13 deep elf archers
  An iron giant skeleton (Crypt:3)
  2 arcanists (Vaults:3)
  20 deep elf zephyrmancers
  9 necromancers
  6 orc sorcerers
  28 deep elf pyromancers
  A spectral wolf spider (Spider:4)
  17 harpies
  4 manticores
  A wolf spider zombie (Spider:4)
  A faun (Shoals:2)
  10 wolf spiders
  7 cyclopes
  2 salamanders (Depths:3)
  2 stone giant zombies (Depths:1)
  31 ugly things
  13 moths of wrath
  9 elephants
  A manticore (shapeshifter) (Elf:3)
  17 vault sentinels
  2 merfolk sirens
  A centaur zombie (Crypt:2)
  A water nymph (Shoals:3)
  A black mamba (Lair:5)
  Maurice (D:8)
  7 torpor snails
  Joseph (D:8)
  2 smoke demons
  5 gargoyles
  An ice statue (IceCv)
  Maggie (D:6)
  An orange demon (Lair:2)
  7 cane toads
  A naga skeleton (Crypt:3)
  An efreet (D:15)
  Jeremiah (D:8)
  6 freezing wraiths
  8 komodo dragons
  11 rime drakes
  An alligator snapping turtle skeleton (Crypt:1)
  A sea snake zombie (Crypt:1)
  25 yaktaurs
  A pale draconian skeleton (Crypt:1)
  A harpy zombie (Crypt:3)
  A grey draconian skeleton (Crypt:2)
  A merfolk (shapeshifter) (Vaults:5)
  21 merfolk
  A spectral tarantella (Spider:4)
  A hydra zombie (Crypt:3)
  7 polar bears
  11 trolls
  17 tarantellas
  3 hornets (Depths:3)
  5 wind drakes
  A wind drake (shapeshifter) (Vaults:5)
  A moth of wrath zombie (Crypt:2)
  17 blink frogs
  A spectral culicivora (Spider:4)
  4 dream sheep (Shoals:1)
  A tarantella zombie (Spider:4)
  2 snapping turtles (Shoals:4)
  A jumping spider zombie (Spider:4)
  A raiju (shapeshifter) (Vaults:4)
  39 flying skulls
  23 slime creatures
  24 jumping spiders
  19 culicivoras
  A vampire (D:7)
  8 air elementals
  4 wyverns
  8 water elementals
  36 yaks
  5 wraiths
  A basilisk (Lair:5)
  Grum (D:8)
  A hog (Spider:1)
  5 vampire mosquitoes
  3 fire elementals (D:13)
  2 steam dragons
  A chaos spawn (Depths:4)
  57 redbacks
  Menkaure (D:4)
  5 wargs
  4 water moccasins
  A hell hound (D:13)
  50 orc warriors
  2 black bears
  2 ice beasts (Vaults:4)
  A sky beast (D:7)
  5 boggarts (Vaults:1)
  An ettin simulacrum (Crypt:1)
  19 ogres
  An ogre (shapeshifter) (Elf:1)
  12 wolves
  4 lemures (D:6)
  7 centaurs
  A rime drake zombie (Crypt:1)
  2 phantoms
  A kobold brigand (Sewer)
  6 bullfrogs
  2 earth elementals
  5 necrophages
  2 scorpions
  10 wights
  10 killer bees
  2 electric eels (Elf:3)
  6 howler monkeys
  7 jellies
  4 hounds
  34 orc priests
  4 gnoll boudas
  5 iguanas
  34 orc wizards
  A naga zombie (Crypt:2)
  9 mummies
  A hound skeleton (Crypt:1)
  4 adders
  20 gnolls
  2 river rats (Sewer)
  12 white imps
  4 ufetubi
  2 worms
  105 orcs
  11 endoplasms
  4 giant cockroaches
  A gnoll zombie (Ossuary)
  6 goblins
  6 hobgoblins
  5 jackals
  6 quokkas
  A river rat zombie (Crypt:2)
  13 ball pythons
  4 bats
  A frilled lizard (D:1)
  A frilled lizard zombie (Crypt:2)
  A gnoll skeleton (Crypt:1)
  A goblin zombie (Crypt:1)
  5 hobgoblin zombies
  20 kobolds
  2 kobold zombies (Ossuary)
  2 orc zombies
  7 rats
1879 creatures vanquished.

Vanquished Creatures (collateral kills)
  A caustic shrike (Depths:2)
  2 golden dragons
  2 liches
  3 tentacled monstrosities
  A titan (Depths:3)
  4 Orb Guardians (Zot:5)
  A deep elf blademaster (Elf:3)
  A deep elf master archer (Elf:3)
  A quicksilver dragon (Zot:1)
  A sphinx (Depths:4)
  2 ancient champions (Vaults:3)
  Polyphemus (Shoals:3)
  An eldritch tentacle (Crypt:2)
  A draconian monk (Zot:3)
  2 tengu reavers (Depths:2)
  4 shadow dragons
  A storm dragon (Depths:3)
  A draconian knight (Zot:3)
  A frost giant (Depths:3)
  3 deep elf sorcerers (Elf:3)
  3 emperor scorpions (Spider:4)
  2 deep elf elementalists (Elf:3)
  6 ghost moths
  2 fire giants
  6 vault wardens
  4 ghouls (Crypt:2)
  A spriggan defender (Depths:3)
  A draconian shifter (Depths:4)
  A reaper (Crypt:2)
  4 ironbound preservers
  12 very ugly things
  A stone giant (Depths:2)
  A draconian stormcaller (Zot:3)
  A green draconian (Zot:5)
  An ironbound thunderhulk (Vaults:4)
  A formless jellyfish (Vaults:3)
  2 black draconians
  2 deep elf annihilators (Elf:3)
  4 dire elephants
  A deep elf demonologist (Elf:3)
  2 white draconians (Zot:3)
  A yellow draconian (Zot:5)
  A vampire knight (Depths:4)
  4 spark wasps
  3 purple draconians
  4 red draconians
  3 merfolk impalers
  2 merfolk javelineers (Shoals:4)
  3 fire dragons
  A crystal guardian (Crypt:3)
  A jiangshi (Crypt:2)
  A deep elf high priest (Elf:3)
  2 yaktaur captains (Vaults:3)
  A great orb of eyes (Vaults:4)
  2 spriggan zombies (Crypt:3)
  2 vault guards (Vaults:2)
  4 jorogumos
  3 spriggan air magi
  4 merfolk avatars
  A boulder beetle (Spider:2)
  3 centaur warriors (Vaults:1)
  6 dancing weapons
  A fenstrider witch skeleton (Crypt:2)
  4 death yaks
  2 merfolk aquamancers (Shoals:4)
  2 ironbound frosthearts
  A death knight (Crypt:1)
  5 deep troll shamans
  A two-headed ogre (D:13)
  7 death scarabs (Spider:4)
  5 deep troll earth magi
  A spriggan berserker (Depths:3)
  2 vampire magi
  A demonic crawler (Spider:2)
  13 hell knights
  3 spriggans (Depths:2)
  2 deep elf knights
  7 iron trolls
  6 skeletal warriors (Crypt:3)
  A skyshark (Shoals:1)
  Amaemon (Lair:2)
  A pharaoh ant (Spider:2)
  An orb spider (Spider:4)
  5 sea snakes
  24 deep trolls
  5 deep elf archers
  A bog body (Crypt:2)
  An arcanist (Elf:2)
  A lindwurm (shapeshifter) (Depths:2)
  A broodmother zombie (Spider:4)
  7 necromancers
  An anaconda skeleton (Crypt:2)
  4 deep elf pyromancers
  8 deep elf zephyrmancers
  13 harpies
  A spectral wolf spider (Spider:4)
  2 fauns (Shoals:2)
  A cyclops (Shoals:4)
  3 wolf spiders
  4 moths of wrath
  10 ugly things
  A stone giant zombie (Vaults:3)
  2 manticores (Shoals:4)
  4 merfolk sirens
  A human skeleton (Vaults:3)
  A naga zombie (Crypt:2)
  An elephant (Lair:5)
  11 vault sentinels
  2 torpor snails
  4 cane toads
  A purple draconian zombie (Crypt:1)
  3 spectral redbacks (Spider:4)
  3 yaktaurs
  A komodo dragon (Lair:2)
  A troll (Orc:2)
  7 merfolk
  A freezing wraith (Crypt:2)
  2 harpy zombies (Crypt:2)
  3 hornets (Depths:2)
  A wind drake (Shoals:1)
  A spectral jumping spider (Spider:4)
  2 tarantellas (Spider:4)
  7 blink frogs
  3 spectral tarantellas (Spider:4)
  A culicivora zombie (Spider:4)
  3 snapping turtles
  11 dream sheep
  3 jumping spiders
  3 slime creatures
  A flying skull (Crypt:3)
  2 culicivoras
  4 water elementals
  A wyvern (D:9)
  A yak (Lair:3)
  2 hogs (Spider:1)
  A fire dragon skeleton (Crypt:2)
  A nameless horror (Spider:4)
  6 redbacks
  A wind drake skeleton (Crypt:1)
  2 wargs
  A cane toad skeleton (Crypt:2)
  5 water moccasins
  2 black bears
  2 orc warriors
  A centaur (D:13)
  2 wolves (Lair:1)
  A snapping turtle skeleton (Crypt:2)
  A kobold brigand (D:9)
  2 bullfrogs
  An earth elemental (Elf:2)
  5 necrophages
  A wight (D:8)
  A jelly (Lair:5)
  A gnoll bouda (D:9)
  A sleepcap (D:8)
  An orc wizard (Orc:1)
  A white imp (D:13)
  3 orcs (Orc:2)
  A kobold (D:9)
  2 tentacles (Shoals:3)
444 creatures vanquished.

Vanquished Creatures (others)
  74 eldritch tentacles
  A vampire knight (Crypt:3)
  An ironbound convoker (Vaults:4)
  2 moths of wrath (Zot:3)
  A spectral redback (Spider:4)
  A merfolk (Shoals:3)
  A human skeleton (Vaults:3)
  An orc priest (Orc:2)
  5 tentacles (Shoals:3)
87 creatures vanquished.

Grand Total: 2410 creatures vanquished

Table legend:
 A = Non-vault XP
 B = Vault XP
 C = Vault XP percentage of total XP
 D = Non-vault monster count
 E = Vault monster count
 F = Vault count percentage of total count
                 A         B        C        D         E       F
            +---------+---------+-------+---------+---------+-------
      Total |  726276 |  658322 |  47.5 |    1378 |     931 |  40.3
            +---------+---------+-------+---------+---------+-------
        D:1 |      34 |       0 |   0.0 |      23 |       0 |   0.0
        D:2 |      22 |       0 |   0.0 |      12 |       0 |   0.0
        D:3 |      23 |      21 |  47.7 |      11 |       5 |  31.2
        D:4 |     311 |     195 |  38.5 |      21 |       4 |  16.0
        D:5 |     855 |       0 |   0.0 |      35 |       0 |   0.0
        D:6 |     466 |    1096 |  70.2 |      13 |       6 |  31.6
        D:7 |    1904 |    1152 |  37.7 |      34 |       3 |   8.1
        D:8 |    2544 |    2772 |  52.1 |      31 |      12 |  27.9
        D:9 |    1497 |     857 |  36.4 |      21 |       1 |   4.5
       D:10 |     836 |       0 |   0.0 |       8 |       0 |   0.0
       D:11 |    1081 |    3028 |  73.7 |      10 |      20 |  66.7
       D:12 |    6001 |       0 |   0.0 |      20 |       0 |   0.0
       D:13 |    9743 |    7467 |  43.4 |      20 |      27 |  57.4
       D:14 |    3286 |       0 |   0.0 |      12 |       0 |   0.0
       D:15 |    7246 |    1794 |  19.8 |      13 |       2 |  13.3
     Lair:1 |    3760 |     496 |  11.7 |      14 |       2 |  12.5
     Lair:2 |    4000 |    5466 |  57.7 |      12 |      12 |  50.0
     Lair:3 |    5223 |    1774 |  25.4 |      22 |       6 |  21.4
     Lair:4 |    3385 |    1226 |  26.6 |      12 |       3 |  20.0
     Lair:5 |   16465 |    2521 |  13.3 |      42 |      11 |  20.8
   Shoals:1 |   19383 |     349 |   1.8 |      39 |       1 |   2.5
   Shoals:2 |    7044 |    4726 |  40.2 |      12 |       7 |  36.8
   Shoals:3 |   18603 |    4700 |  20.2 |      37 |       5 |  11.9
   Shoals:4 |   15874 |   23307 |  59.5 |      32 |      35 |  52.2
   Spider:1 |   20188 |    4743 |  19.0 |      61 |      12 |  16.4
   Spider:2 |   20445 |    1764 |   7.9 |      52 |       1 |   1.9
   Spider:3 |    8837 |    2065 |  18.9 |      15 |       1 |   6.2
   Spider:4 |    7800 |   29201 |  78.9 |      16 |      56 |  77.8
      Orc:1 |    3247 |       0 |   0.0 |      25 |       0 |   0.0
      Orc:2 |       0 |   24597 | 100.0 |       0 |     159 | 100.0
      Elf:1 |   12354 |    5953 |  32.5 |      26 |       9 |  25.7
      Elf:2 |   27237 |    8533 |  23.9 |      45 |      12 |  21.1
      Elf:3 |   24832 |   30728 |  55.3 |      42 |      25 |  37.3
   Vaults:1 |   31021 |   25000 |  44.6 |      49 |      30 |  38.0
   Vaults:2 |   26685 |   27552 |  50.8 |      35 |      36 |  50.7
   Vaults:3 |   32690 |   22835 |  41.1 |      45 |      28 |  38.4
   Vaults:4 |   27402 |   40613 |  59.7 |      42 |      46 |  52.3
   Vaults:5 |   19009 |   85596 |  81.8 |      35 |      78 |  69.0
    Crypt:1 |   23504 |       0 |   0.0 |      40 |       0 |   0.0
    Crypt:2 |   29442 |    3874 |  11.6 |      46 |       1 |   2.1
    Crypt:3 |       0 |   57254 | 100.0 |       0 |      91 | 100.0
   Depths:1 |   35717 |    1184 |   3.2 |      43 |       2 |   4.4
   Depths:2 |   57480 |   19480 |  25.3 |      70 |      15 |  17.6
   Depths:3 |   48253 |   48184 |  50.0 |      55 |      27 |  32.9
   Depths:4 |   30495 |   21556 |  41.4 |      35 |      21 |  37.5
      Zot:1 |    6350 |       0 |   0.0 |       5 |       0 |   0.0
      Zot:2 |    8357 |       0 |   0.0 |       7 |       0 |   0.0
      Zot:3 |   35336 |       0 |   0.0 |      31 |       0 |   0.0
      Zot:4 |   14299 |       0 |   0.0 |      12 |       0 |   0.0
      Zot:5 |   45710 |  114020 |  71.4 |      40 |      40 |  50.0
      Sewer |       0 |     173 | 100.0 |       0 |      18 | 100.0
    Ossuary |       0 |     153 | 100.0 |       0 |      16 | 100.0
      IceCv |       0 |   13530 | 100.0 |       0 |      37 | 100.0
    Volcano |       0 |    6787 | 100.0 |       0 |       8 | 100.0
            +---------+---------+-------+---------+---------+-------

Skill      XL: |  1  2  3  4  5  6  7  8  9 10 11 12 13 14 15 16 17 18 19 20 21 22 23 24 25 26 27 |
---------------+----------------------------------------------------------------------------------+-----
Spellcasting   | 4 5 7 8 9 10 13 14 16 17 18 19 20 24 | 24.0
Conjurations   | 4 5 7 8 9 10 13 14 16 17 18 19 20 22 | 22.7
Hexes          | 4 5 7 8 9 10 13 14 16 17 18 19 20 22 | 22.7
Summonings     | 4 5 7 8 9 10 13 14 16 17 18 19 20 22 | 22.7
Necromancy     | 4 5 7 8 9 10 13 14 16 17 18 19 20 22 | 22.7
Translocations | 4 5 7 8 9 10 13 14 16 17 18 19 20 22 | 22.7
Transmutations | 4 5 7 8 9 10 13 14 16 17 18 19 20 22 | 22.7
Fire Magic     | 4 5 7 8 9 10 13 14 16 17 18 19 20 22 | 22.7
Ice Magic      | 4 5 7 8 9 10 13 14 16 17 18 19 20 22 | 22.7
Air Magic      | 4 5 7 8 9 10 13 14 16 17 18 19 20 22 | 22.7
Earth Magic    | 4 5 7 8 9 10 13 14 16 17 18 19 20 22 | 22.7
Poison Magic   | 4 5 7 8 9 10 13 14 16 17 18 19 20 22 | 22.7
Fighting       | 2 3 4 6 8 9 11 13 14 16 17 19 20 22 26 | 26.0
Dodging        | 3 4 6 9 11 14 17 20 21 22 | 22.7
Stealth        | 4 7 8 |  8.1
Evocations     | 4 6 7 9 |  9.3
Short Blades   | 1 6 8 |  8.0
Armour         | 2 8 11 | 11.9
Shields        | 4 6 |  6.3
Long Blades    | 4 8 |  8.7

Action                     |  1- 3 |  4- 6 |  7- 9 | 10-12 | 13-15 | 16-18 | 19-21 | 22-24 | 25-27 || total
---------------------------+-------+-------+-------+-------+-------+-------+-------+-------+-------++-------
  Melee: Dagger            |     5 |    12 |       |    76 |   505 |   432 |   569 |   159 |       ||  1758
         Punch             |     1 |       |       |     1 |     1 |       |       |       |       ||     3
         Hand axe          |       |    13 |    13 |       |       |       |       |       |       ||    26
         Eudemon blade     |       |       |       |       |       |       |       |   624 |   346 ||   970
  Throw: Throwing net      |       |     1 |       |       |       |       |       |       |       ||     1
   Cast: Sting             |    51 |     5 |     2 |       |       |       |       |       |       ||    58
         Poisonous Vapours |    25 |    29 |    29 |       |       |       |       |       |       ||    83
         Magic Dart        |    16 |    14 |   105 |    12 |     2 |       |       |       |       ||   149
         Searing Ray       |       |    20 |    24 |    27 |     3 |     3 |       |       |       ||    77
         Olgreb's Toxic Ra |       |       |    26 |    75 |    75 |    76 |    33 |    13 |       ||   298
         Mephitic Cloud    |       |       |    11 |    27 |    74 |    27 |    47 |    11 |       ||   197
         Passage of Golubr |       |       |       |     4 |     2 |     7 |     2 |     2 |     5 ||    22
         Summon Ice Beast  |       |       |       |    26 |    31 |    12 |     1 |       |       ||    70
         Irradiate         |       |       |       |       |    22 |    42 |    61 |    44 |     5 ||   174
         Eringya's Noxious |       |       |       |       |    29 |    54 |    61 |    24 |     6 ||   174
         Teleport Other    |       |       |       |       |     4 |       |       |       |       ||     4
         Malign Gateway    |       |       |       |       |       |    28 |    17 |    18 |    13 ||    76
         Death Channel     |       |       |       |       |       |       |    28 |    16 |    15 ||    59
         Infestation       |       |       |       |       |       |       |       |    25 |    24 ||    49
         Maxwell's Capacit |       |       |       |       |       |       |       |    51 |    81 ||   132
         Chain Lightning   |       |       |       |       |       |       |       |       |    99 ||    99
         Shatter           |       |       |       |       |       |       |       |       |    88 ||    88
 Invoke: Curse Item        |       |       |     1 |     5 |     4 |     2 |       |     4 |     1 ||    17
         Shatter the Chain |       |       |       |       |     3 |       |       |     5 |       ||     8
  Evoke: Wand              |       |       |     6 |     9 |     7 |    15 |     8 |     7 |     8 ||    60
         Lightning rod     |       |       |       |       |       |       |       |    12 |     3 ||    15
         Tin of tremorston |       |       |       |       |       |       |       |     4 |       ||     4
         Box of beasts     |       |       |       |       |       |       |       |     2 |     1 ||     3
         Phantom mirror    |       |       |       |       |       |       |       |       |     1 ||     1
    Use: Scroll            |     6 |     1 |     9 |     7 |     3 |     1 |       |     5 |    21 ||    53
         Potion            |       |       |       |     1 |       |       |     3 |     1 |    16 ||    21
   Stab: Sleeping          |       |       |     1 |     1 |    39 |    11 |    29 |    17 |     4 ||   102
         Confused          |       |       |     1 |     7 |    59 |    15 |    34 |    10 |       ||   126
         Paralysed         |       |       |       |     1 |       |     2 |     1 |       |       ||     4
         Distracted        |       |       |       |       |     5 |     3 |    11 |     7 |     7 ||    33
         Invisible         |       |       |       |       |       |       |       |     2 |     3 ||     5
 Armour: Robe              |    11 |    16 |    19 |       |       |       |       |       |       ||    46
         Leather armour    |       |       |    19 |    68 |    99 |   129 |   185 |    29 |       ||   529
         Ring mail         |       |       |       |       |       |       |       |   125 |       ||   125
         Quicksilver drago |       |       |       |       |       |       |       |   167 |   350 ||   517
  Dodge: Dodged            |    20 |    32 |    31 |   157 |   336 |   532 |   819 |   779 |   547 ||  3253
  Block: Other             |       |     3 |     9 |       |       |       |       |       |       ||    12
         Buckler           |       |       |       |       |   112 |   181 |   247 |   238 |   141 ||   919

Illustrated notes

Table legend:
 A = Kills in this place as a percentage of kills in the entire game.
 B = Kills by you in this place as a percentage of kills by you in the entire game.
 C = Kills by friends in this place as a percentage of kills by friends in the entire game.
 D = Other kills in this place as a percentage of other kills in the entire game.
 E = Experience gained in this place as a percentage of experience gained in the entire game.
 F = Experience gained in this place divided by the number of levels of this place that you have seen.
                   A       B       C       D       E      F
               +-------+-------+-------+-------+-------+----------------------
         Total | 100.0 | 100.0 | 100.0 | 100.0 | 100.0 | 24463.1
       Dungeon |  15.7 |  18.6 |   3.0 |  23.7 |   4.0 | 3680.0
          Lair |   5.9 |   4.9 |   7.5 |  34.2 |   3.2 | 8863.2
        Shoals |   7.2 |   5.5 |  14.4 |   7.9 |   6.7 | 23496.5
   Spider Nest |   9.2 |   8.7 |  12.1 |   0.0 |   6.8 | 23760.8
  Orcish Mines |   7.9 |   9.5 |   1.6 |   5.3 |   2.0 | 13922.0
   Elven Halls |   6.9 |   6.7 |   8.2 |   0.0 |   7.9 | 36545.7
        Vaults |  18.3 |  19.4 |  14.1 |  13.2 |  24.3 | 67680.6
         Crypt |   7.7 |   7.3 |   9.8 |   2.6 |   8.2 | 38024.7
        Depths |  11.9 |   9.3 |  23.5 |   0.0 |  19.4 | 67599.0
           Zot |   5.9 |   5.9 |   5.9 |   2.6 |  16.1 | 44970.4
         Sewer |   0.8 |   1.0 |   0.0 |   0.0 |   0.0 | 173.0
       Ossuary |   0.7 |   0.9 |   0.0 |   0.0 |   0.0 | 153.0
      Ice Cave |   1.6 |   2.0 |   0.0 |   0.0 |   1.0 | 13530.0
       Volcano |   0.3 |   0.2 |   0.0 |  10.5 |   0.5 | 6787.0
               +-------+-------+-------+-------+-------+----------------------

Table legend: (Time is in decaauts)
 A = Elapsed time spent in this place.
 B = Non-inter-level travel time spent in this place.
 C = Inter-level travel time spent in this place.
 D = Time resting spent in this place.
 E = Time spent auto-exploring this place.
 F = Levels seen in this place.
 G = Mean time per level.
                   A        B        C        D        E       F      G
               +--------+--------+--------+--------+--------+-----+--------+
         Total |  58736 |  52421 |   6315 |   7976 |  27795 |  57 | 1030.5 |
       Dungeon |  16462 |  14196 |   2266 |   1818 |   8750 |  15 | 1097.5 |
        Temple |     77 |      1 |     76 |      0 |      0 |   1 |   77.0 |
          Lair |   5044 |   4505 |    539 |    317 |   3177 |   5 | 1008.8 |
        Shoals |   3881 |   3634 |    247 |    383 |   2019 |   4 |  970.2 |
   Spider Nest |   4368 |   4110 |    258 |    788 |   1836 |   4 | 1092.0 |
  Orcish Mines |   2562 |   1901 |    661 |     67 |   1172 |   2 | 1281.0 |
   Elven Halls |   3420 |   3128 |    292 |    352 |   1602 |   3 | 1140.0 |
        Vaults |   9169 |   7935 |   1234 |   1556 |   3886 |   5 | 1833.8 |
         Crypt |   3286 |   3115 |    171 |    345 |   1736 |   3 | 1095.3 |
        Depths |   5566 |   5063 |    503 |    708 |   2964 |   4 | 1391.5 |
           Zot |   2788 |   2723 |     65 |   1092 |    195 |   5 |  557.6 |
        Bazaar |     80 |     80 |      0 |     31 |      0 |   1 |   80.0 |
         Trove |     48 |     48 |      0 |      0 |      0 |   1 |   48.0 |
         Sewer |    269 |    269 |      0 |      0 |    158 |   1 |  269.0 |
       Ossuary |    807 |    807 |      0 |    398 |     88 |   1 |  807.0 |
      Ice Cave |    692 |    692 |      0 |     98 |    212 |   1 |  692.0 |
       Volcano |    209 |    209 |      0 |     23 |      0 |   1 |  209.0 |
               +--------+--------+--------+--------+--------+-----+--------+

Top non-repeatable levels by time:
Vaults:4: 2341 daAuts
Vaults:3: 2021 daAuts
   Orc:2: 2016 daAuts
Vaults:1: 1984 daAuts
   Zot:5: 1738 daAuts
   Elf:3: 1713 daAuts
Spider:3: 1570 daAuts
Depths:2: 1534 daAuts
     D:8: 1533 daAuts
Spider:4: 1527 daAuts
Vaults:2: 1510 daAuts
     D:3: 1471 daAuts
Depths:4: 1463 daAuts
Depths:3: 1460 daAuts
     D:7: 1425 daAuts
